 Dungeon Crawl Stone Soup version 0.20-a0-672-gd6c3c51 (webtiles) character file.

573442 laan the Invulnerable (level 25, -9/249 (255) HPs)
             Began as a Minotaur Berserker on Feb 17, 2017.
             Was a High Priest of Trog.
             Engulfed by a death drake's foul pestilence (17 damage)
             ... summoned by a green draconian stormcaller
             ... on level 4 of the Realm of Zot.
             The game lasted 01:27:34 (60198 turns).

laan the Invulnerable (Minotaur Berserker)         Turns: 60198, Time: 01:27:35

HP:   -9/249 (255)  AC: 41    Str: 35    XL:     25   Next: 71%
MP:   22/22         EV: 20    Int:  4    God:    Trog [*****.]
Gold: 5030          SH: 30    Dex: 11    Spells: 24/24 levels left

rFire    + . .     SeeInvis +   r - +6 broad axe (elec)
rCold    + . .     Gourm    .   d - +1 gold dragon scales
rNeg     . . .     Faith    +   m - +2 large shield
rPois    +         Spirit   .   (helmet restricted)
rElec    .         Reflect  .   t - +1 cloak {MR+}
rCorr    .         Harm     .   c - +2 pair of gloves
MR       ++...                  o - +2 pair of boots
Stlth    ..........             z - amulet of faith
Regen    0.6/turn               a - ring of see invisible
MPRegen  0.2/turn               q - +5 ring of evasion

@: lethally poisoned (-9 -> -68), exhausted, about to teleport, slowed, very
slow
A: retaliatory headbutt, horns 2, thin metallic scales 1, strong 1, sturdy frame
1
}: 3/15 runes: barnacled, silver, gossamer
a: Berserk, Trog's Hand, Brothers in Arms, Burn Spellbooks, Renounce Religion


You were on level 4 of the Realm of Zot.
You worshipped Trog.
Trog was extremely pleased with you.
You were very full.

You visited 8 branches of the dungeon, and saw 45 of its levels.

You collected 7674 gold pieces.
You spent 2644 gold pieces at shops.


Innate Abilities, Weirdness & Mutations

You reflexively headbutt those who attack you in melee.
You have a pair of horns on your head.
You are partially covered in thin metallic scales. (AC +2)
Your muscles are strong. (Str +2)
Your movements are slightly less encumbered by armour. (ER -2)


   Skills:
 - Level 26.5 Fighting
 - Level 21.0 Axes
 O Level 27 Armour
 + Level 13.4 Dodging
 - Level 25.0 Shields


You had 24 spell levels left.
You didn't know any spells.

Inventory:

Hand Weapons
 r - a +6 broad axe of electrocution (weapon)
Armour
 c - a +2 pair of gloves (worn)
 d - +1 gold dragon scales (worn)
 m - a +2 large shield (worn)
 o - a +2 pair of boots (worn)
 s - a +6 plate armour of fire resistance
 t - a +1 cloak of magic resistance (worn)
 x - a +2 cloak
Jewellery
 a - a ring of see invisible (right hand)
 g - a +2 ring of protection
 q - a +5 ring of evasion (left hand)
 y - an uncursed ring of fire
 z - an amulet of faith (around neck)
 B - the ring "Egyesoh" {rC++ MR+ Int-4 Dex+4 Stlth+}
   (You took it off a vault warden on level 5 of the Vaults)

   [ring of protection from magic]

   It affects your intelligence (-4).
   It affects your dexterity (+4).
   It greatly protects you from cold.
   It affects your resistance to hostile enchantments.
   It makes you more stealthy.
Scrolls
 b - 3 scrolls of brand weapon
 f - 26 scrolls of remove curse
 j - 9 scrolls of recharging
 n - 30 scrolls of identify
Potions
 i - 9 potions of curing
 k - 4 potions of heal wounds
 p - a potion of haste
 w - a potion of might
Comestibles
 e - 9 bread rations
 F - 16 meat rations

Dungeon Overview and Level Annotations

Branches:
Dungeon (15/15)            Temple (0/1) D:6            Lair (6/6) D:9
 Shoals (4/4) Lair:4       Spider (4/4) Lair:3        Slime (0/5) Lair:5
    Orc (2/2) D:9             Elf (0/3) Orc:2        Vaults (5/5) D:13
  Crypt (0/3) Vaults:3     Depths (5/5) D:15            Zot (4/5) Depths:5

Altars:
Ashenzari
Cheibriados
Dithmenos
Fedhas
Gozag
Hepliaklqana
Kikubaaqudgha
Okawaru
Ru
Uskayaw
Vehumet
Xom
Yredelemnul
Lugonu

Shops:
D:9 %   D:12 *   D:13 *   Orc:1 }   Orc:2 ***}   Shoals:1 %   Shoals:4 *
Vaults:2 [   Vaults:4 :   Vaults:5 [

Portals:
Hell: Depths:1 Depths:2 Depths:3 Depths:4 Depths:5
Abyss: Depths:1 Depths:3 Depths:4
Pandemonium: Depths:1 Depths:3
Ziggurat: Depths:5
Trove: D:13 (give 6 potions of haste)

Annotations:
D:2 1 runed door


Message History

Qazlal smites you!
60197 ||| READING scroll of teleportation.
As you read the scroll of teleportation, it crumbles to dust.
You feel strangely unstable.
You feel the Orb delaying your translocation!
You are engulfed in dark miasma.
You are more poisoned.
You feel your flesh rotting away!
You feel very sick. The wind drake flaps its wings at you.
The air twists around and strikes you!
The lindwurm is engulfed in dark miasma.
The lindwurm is poisoned.
You block the lindwurm's attack. The lindwurm claws you.
You block the lindwurm's attack.
The green draconian stormcaller invokes the aid of Qazlal against you.
Qazlal smites you!
The lindwurm is engulfed in dark miasma.
The lindwurm looks even sicker.
Lua error: [string "/dgldir/rcfiles/crawl-git/laan.rc"]:3480: bad argument #1 to 'mutation' (No such mutation: 'no device heal'.)
You are engulfed in dark miasma.
You are more poisoned.
You die...

....## #......## #... .....#
#......# ..# ..#..###......###..#
.###..##......##..# .#
##.#...........# ##
#.)).........# # ##.)##..###..##
##)#########.¤#######
#..#........@¤¤......
#.##..###.kk¤¤¤.....%
#.##..#q#.k¤k¤.......
#.##..###.k.###~~~~~~
#.##...)....#q#~~~~~~#q#..... #
##.##.[.....)###~~~~~~###..... ##
#..#####)....~~~...>..~~~..... .#
#...##q#.....~~~..>...~~~.....
.###...####.....~~~...>..~~~.....


You could see 2 draconians, a red draconian scorcher, 2 death drakes, a wind
drake, a lindwurm (confused) and a swamp drake.

Vanquished Creatures
  An ancient lich (Vaults:5)
  A juggernaut (shapeshifter) (Depths:3)
  A juggernaut (Depths:4)
  Sojobo (Vaults:2)
  Frederick (Vaults:2)
  2 curse toes
  2 Killer Klowns
  14 golden dragons
  A golden dragon (shapeshifter) (Depths:3)
  Arachne (Spider:4)
  Nikola (Depths:1)
  3 liches
  9 tentacled monstrosities
  Rupert (Lair:4)
  Asterion (Vaults:1)
  4 titans
  4 sphinxes
  A deep elf master archer (Depths:3)
  A quicksilver dragon (shapeshifter) (Vaults:5)
  7 quicksilver dragons
  10 death cobs
  Gastronok (D:9)
  Kirke (Lair:5)
  10 shadow dragons
  8 tengu reavers
  7 storm dragons
  Ilsuiw (Shoals:4)
  4 draconian monks
  3 deep elf sorcerers
  6 draconian knights
  14 fire giants
  8 frost giants
  The ghost of retryentry the Impaler, a journeyman CeFi of Okawaru (Orc:2)
  10 vault wardens
  5 ghost moths
  5 draconian shifters
  A balrug (Depths:2)
  An iron dragon (Depths:3)
  8 draconian scorchers
  A ghost moth (shapeshifter) (Depths:3)
  An orc warlord (Orc:2)
  An emperor scorpion (Spider:4)
  Aizul (Depths:1)
  12 ironheart preservers
  31 very ugly things
  The ghost of retryentry the Severer, a journeyman DsFi of Okawaru (D:11)
  3 war gargoyles
  6 draconian annihilators
  4 vampire knights
  4 black draconians
  An entropy weaver (Spider:3)
  13 stone giants
  2 deep elf demonologists
  7 deep elf annihilators
  Azrael (D:15)
  12 white draconians
  7 purple draconians
  4 green draconians
  9 spark wasps
  8 yellow draconians
  3 crystal guardians
  8 red draconians
  9 merfolk javelineers
  13 ettins
  2 deep elf death magi
  Snorg (D:14)
  10 fire dragons
  10 merfolk impalers
  Josephine (Lair:4)
  A minotaur (shapeshifter) (Depths:3)
  4 deep elf high priests (Vaults:5)
  8 great orbs of eyes
  4 rakshasas
  30 vault guards
  11 ice dragons
  11 yaktaur captains
  3 hydras
  5 spriggan air magi
  9 merfolk aquamancers
  A merfolk avatar (Shoals:4)
  3 satyrs
  A catoblepas (shapeshifter) (Depths:3)
  A death knight (D:15)
  6 dancing weapons
  3 juggernaut simulacra (Depths:3)
  16 ogre magi
  An alligator snapping turtle (Shoals:4)
  5 centaur warriors
  43 two-headed ogres
  8 tengu warriors
  The ghost of Chiseanne the Spry, a journeyman SpGl of Gozag (D:10)
  4 death yaks (Lair:4)
  11 deep troll shamans
  4 deep troll earth magi
  2 spriggan berserkers
  Sonja (D:12)
  A shock serpent (Depths:3)
  18 hell knights
  2 sun demons (Depths:2)
  Nergalle (D:12)
  3 deep elf knights
  9 iron trolls
  12 sea snakes
  5 skeletal warriors (Vaults:2)
  3 glowing orange brains
  3 flayed ghosts
  7 unseen horrors
  A death drake (shapeshifter) (Vaults:5)
  2 shadow wraiths
  A swamp dragon (shapeshifter) (Depths:3)
  18 deep trolls
  2 phantasmal warriors (Depths:2)
  9 wizards
  5 deep elf archers
  10 necromancers
  An orange crystal statue (Depths:1)
  A lindwurm (shapeshifter) (Vaults:5)
  12 orc knights
  A wolf spider zombie (D:15)
  26 harpies
  15 ironbrand convokers
  An iron dragon zombie (Depths:1)
  6 orb spiders
  48 wolf spiders
  10 fauns
  4 orc sorcerers
  11 deep elf magi
  5 cyclopes
  68 ugly things
  A human zombie (Vaults:5)
  6 manticores (Shoals:4)
  A faun (shapeshifter) (Depths:3)
  A salamander (shapeshifter) (D:15)
  3 elephants (Lair:5)
  15 moths of wrath
  A centaur zombie (D:15)
  An elephant (shapeshifter) (Depths:3)
  A guardian serpent (shapeshifter) (D:15)
  12 black mambas
  13 merfolk sirens
  11 vault sentinels
  A torpor snail (Spider:3)
  5 water nymphs
  9 spiny frogs
  A naga mage (Depths:3)
  11 demonic crawlers
  A gargoyle (D:12)
  3 centaur skeletons
  5 komodo dragons
  4 freezing wraiths
  4 rime drakes
  A yaktaur (shapeshifter) (D:15)
  3 tengu conjurers
  35 yaktaurs
  30 merfolk
  3 trolls
  A troll (shapeshifter) (Depths:2)
  A polar bear (shapeshifter) (Depths:2)
  A jumping spider (shapeshifter) (Vaults:3)
  A merfolk (shapeshifter) (Vaults:2)
  16 jumping spiders
  A tengu simulacrum (Vaults:2)
  A wind drake (Shoals:4)
  7 hornets
  17 blink frogs
  A raiju (shapeshifter) (Depths:3)
  40 slime creatures
  A dream sheep (shapeshifter) (D:14)
  16 hippogriffs
  A blink frog (shapeshifter) (D:14)
  21 dream sheep
  6 air elementals
  10 snapping turtles
  A fire giant simulacrum (Vaults:5)
  A centaur simulacrum (D:14)
  A redback (shapeshifter) (Vaults:5)
  60 redbacks
  8 wyverns
  A spriggan (shapeshifter) (Vaults:3)
  35 tarantellas
  4 tarantellas (shapeshifter)
  5 wraiths
  56 yaks
  2 fire elementals (D:15)
  9 large abominations
  6 water elementals
  A human simulacrum (Vaults:4)
  A hog (Lair:5)
  3 humans (shapeshifter)
  2 basilisks
  5 small abominations
  2 hungry ghosts
  2 chaos spawn (Depths:4)
  2 vampire mosquitoes (D:15)
  A steam dragon (shapeshifter) (Vaults:5)
  2 harpy simulacra
  A soldier ant (shapeshifter) (Vaults:5)
  6 wargs
  3 soldier ants
  5 hell hounds (D:15)
  2 acid dragons
  An elf skeleton (Vaults:1)
  10 water moccasins
  A hornet zombie (D:15)
  17 porcupines
  An ice beast (shapeshifter) (D:15)
  4 sky beasts
  A phantom (D:9)
  6 ice beasts
  38 orc warriors
  An eye of draining (D:15)
  2 elf zombies
  An eye of draining (shapeshifter) (Vaults:4)
  2 necrophages
  An ice dragon simulacrum (Depths:1)
  2 human skeletons
  An ettin simulacrum (Vaults:5)
  28 boggarts
  46 ogres
  9 crocodiles
  21 centaurs
  7 wolves
  5 big kobolds
  16 bullfrogs
  A deep troll simulacrum (Vaults:2)
  4 earth elementals (D:13)
  A glowing shapeshifter simulacrum (Vaults:4)
  A water moccasin zombie (D:8)
  2 scorpions
  A wyvern skeleton (D:14)
  5 killer bees (D:8)
  2 elf simulacra
  11 wights
  4 howler monkeys
  11 crimson imps
  3 bullfrog zombies
  2 quasits
  5 jellies
  2 hounds (D:9)
  12 orc priests
  4 bullfrog skeletons
  21 orc wizards
  2 iguanas
  Natasha (D:4)
  5 hell rats (Lair:6)
  12 worker ants
  A worker ant zombie (D:6)
  3 gnolls (D:8)
  9 adders
  2 shadow imps
  12 white imps (Lair:6)
  An adder skeleton (D:8)
  2 adder zombies
  2 worms (D:2)
  A dart slug (D:2)
  5 leopard geckos
  97 orcs
  A ball python (D:3)
  4 bats
  3 giant cockroaches
  11 goblins
  7 hobgoblins
  15 jackals
  44 kobolds
  4 quokkas
  2 frilled lizards
  A jackal zombie (D:5)
  A leopard gecko zombie (D:8)
  3 quokka skeletons
  4 rats
  3 crawling corpses (Vaults:5)
  7 fungi
  13 plants
2007 creatures vanquished.

Vanquished Creatures (collateral kills)
  An orb of fire (Zot:3)
  The ghost of DEFE the Sorcerer, a veteran DEAK of Lugonu (Depths:1)
  A tentacled monstrosity (Vaults:5)
  A tengu reaver (Vaults:5)
  A fire giant (Depths:3)
  An iron dragon (Depths:3)
  A draconian scorcher (Depths:5)
  2 entropy weavers
  2 spark wasps
  3 fire dragons
  An ogre mage (Orc:2)
  A merfolk impaler (Shoals:4)
  4 yaktaur captains
  5 hydras
  A rakshasa (Vaults:1)
  A tengu warrior (D:13)
  A spriggan air mage (Depths:5)
  A merfolk avatar (Shoals:4)
  2 two-headed ogres (Orc:2)
  A deep troll shaman (Depths:5)
  A shock serpent (Depths:3)
  A hell knight (Depths:2)
  3 deep trolls
  An iron troll (Depths:2)
  An ironbrand convoker (Vaults:1)
  11 orb spiders
  A cyclops (D:12)
  2 deep elf magi (Vaults:5)
  2 oklob plants (Lair:6)
  4 ugly things
  A manticore (Shoals:4)
  3 wolf spiders (Spider:4)
  A moth of wrath (Spider:4)
  A merfolk siren (Shoals:4)
  3 vault sentinels
  A spiny frog (Lair:1)
  A water nymph (Shoals:4)
  4 demonic crawlers (Spider:4)
  6 yaktaurs
  5 jumping spiders
  A hornet (Spider:4)
  3 merfolk (Shoals:4)
  A slime creature (Depths:4)
  A blink frog (Lair:3)
  An air elemental (Depths:5)
  A tarantella (Spider:2)
  7 redbacks
  3 yaks (Lair:1)
  A porcupine (Lair:1)
  An orc warrior (Orc:2)
  7 ogres (Orc:2)
  5 boggarts
  A centaur (Vaults:1)
  A bullfrog (D:12)
  An orc priest (Orc:2)
  2 orc wizards (Orc:2)
  3 orcs
  A bush (Lair:6)
  A butterfly (Lair:3)
  A fungus (Lair:1)
128 creatures vanquished.

Vanquished Creatures (others)
  2 fire giants
  A stone giant (Vaults:2)
  Nessos (Lair:4)
  A rime drake (Zot:1)
  A small abomination (Depths:4)
  An orc wizard (Orc:2)
  An orc priest (Orc:2)
  11 fungi
  21 plants
40 creatures vanquished.

Grand Total: 2175 creatures vanquished

Notes
Turn   | Place    | Note
-------+----------+-------------------------------------------
     0 | D:1      | laan the Minotaur Berserker began the quest for the Orb.
     0 | D:1      | Reached XP level 1. HP: 19/19 MP: 0/0
     0 | D:1      | 0 ||| counter = 1
   384 | D:1      | Reached XP level 2. HP: 26/26 MP: 1/1
   745 | D:1      | Reached XP level 3. HP: 31/31 MP: 2/2
   980 | D:1      | 980 ||| UPGRADING to ring mail.
   990 | D:1      | 990 ||| DROPPING +0 animal skin.
   991 | D:1      | 991 ||| READING 2 scrolls labeled NYDYIV TOWK.
   992 | D:1      | 992 ||| READING scroll labeled ARATORRAPEBB.
   993 | D:1      | 993 ||| READING scroll labeled NOMNOU TIKKIFF.
   994 | D:1      | 994 ||| READING scroll labeled QUQEPI LIPA.
   995 | D:1      | 995 ||| DROPPING scroll of fog.
  1021 | D:2      | 1021 ||| STAIRDANCE
  1052 | D:2      | Found a runed door.
  1134 | D:2      | Found a snail-covered altar of Cheibriados.
  1213 | D:2      | Found a hide-covered altar of Uskayaw.
  1327 | D:2      | 1327 ||| INVOKING Berserk.
  1365 | D:2      | 1365 ||| EATING royal jelly.
  1377 | D:2      | 1377 ||| INVOKING Berserk.
  1620 | D:2      | Reached ** piety under Trog
  1888 | D:2      | 1888 ||| READING 2 scrolls labeled NYEFAD FEJUK.
  1889 | D:2      | 1889 ||| DRINKING 3 red potions.
  1921 | D:2      | 1921 ||| READING scroll of identify.
  1921 | D:2      | 1921 ||| IDENTIFYING small peridot ring
  1922 | D:2      | 1922 ||| UPGRADING to +3 ring of strength.
  1923 | D:2      | 1923 ||| DROPPING 2 potions of lignification.
  1924 | D:2      | 1924 ||| DROPPING scroll of magic mapping.
  2238 | D:3      | Reached skill level 6 in Axes
  2238 | D:3      | Reached XP level 4. HP: 28/39 MP: 3/3
  2536 | D:3      | Found a blossoming altar of Fedhas.
  2619 | D:3      | 2619 ||| INVOKING Berserk.
  2624 | D:3      | Reached XP level 5. HP: 45/45 MP: 4/4
  2755 | D:3      | 2755 ||| SWAPPING to war axe.
  2757 | D:3      | 2757 ||| DROPPING +0 hand axe.
  2831 | D:3      | 2831 ||| UPGRADING to scale mail.
  2841 | D:3      | 2841 ||| DROPPING +0 ring mail.
  2842 | D:3      | 2842 ||| READING scroll labeled ULUFAO HENOEV.
  2846 | D:3      | 2846 ||| READING scroll of identify.
  2846 | D:3      | 2846 ||| IDENTIFYING scratched cabochon ring
  2847 | D:3      | 2847 ||| UPGRADING to ring of see invisible.
  2873 | D:3      | 2873 ||| DROPPING mace.
  3070 | D:4      | Found a shimmering altar of Xom.
  3139 | D:4      | Found a shimmering altar of Xom.
  3143 | D:4      | Found a shimmering altar of Xom.
  3194 | D:4      | Noticed Natasha
  3199 | D:4      | Killed Natasha
  3207 | D:4      | 3207 ||| UPGRADING to flail.
  3208 | D:4      | 3208 ||| SWAPPING to +0 war axe.
  3289 | D:4      | Found a shimmering altar of Xom.
  3308 | D:4      | Reached XP level 6. HP: 52/52 MP: 5/5
  3571 | D:4      | 3571 ||| UPGRADING to granite ring.
  3573 | D:4      | 3573 ||| READING 3 scrolls of remove curse.
  3574 | D:4      | 3574 ||| REMOVING ring of teleportation.
  3575 | D:4      | 3575 ||| DROPPING ring of teleportation.
  3576 | D:4      | 3576 ||| DROPPING ring of teleportation.
  3577 | D:4      | 3577 ||| UPGRADING to knobbly pearl ring.
  3578 | D:4      | 3578 ||| REMOVING ring of magical power.
  3579 | D:4      | 3579 ||| DROPPING ring of magical power.
  3580 | D:4      | 3580 ||| UPGRADING to +3 ring of strength.
  3581 | D:4      | 3581 ||| READING scroll labeled WEGA ON ARODGH.
  3582 | D:4      | 3582 ||| DRINKING 2 blue potions.
  3583 | D:4      | 3583 ||| DRINKING 2 fuming orange potions.
  3583 | D:4      | Gained mutation: Your muscles are strong. (Str +2) [potion of mutation]
  3583 | D:4      | Gained mutation: You are partially covered in thin metallic scales. (AC +2) [potion of mutation]
  3583 | D:4      | Gained mutation: Your movements are slightly less encumbered by armour. (ER -2) [potion of mutation]
  3584 | D:4      | 3584 ||| DROPPING potion of mutation.
  3620 | D:5      | Entered Level 5 of the Dungeon
  3724 | D:5      | Reached *** piety under Trog
  4253 | D:5      | Found an iron altar of Okawaru.
  4254 | D:5      | Found a radiant altar of Vehumet.
  4254 | D:5      | Found an opulent altar of Gozag.
  4255 | D:5      | Found an ancient bone altar of Kikubaaqudgha.
  4255 | D:5      | Found a shadowy altar of Dithmenos.
  4255 | D:5      | Found a sacrificial altar of Ru.
  4256 | D:5      | Found a hazy altar of Hepliaklqana.
  4285 | D:5      | 4285 ||| INVOKING Berserk.
  4288 | D:5      | Reached skill level 9 in Axes
  4347 | D:5      | 4347 ||| EATING 4 royal jellies.
  4382 | D:5      | 4382 ||| INVOKING Berserk.
  4383 | D:5      | Reached XP level 7. HP: 61/61 MP: 6/6
  4673 | D:5      | 4673 ||| UPGRADING to plate armour.
  4683 | D:5      | 4683 ||| UPGRADING to large shield.
  4688 | D:5      | 4688 ||| DROPPING +0 scale mail.
  4689 | D:5      | 4689 ||| UPGRADING to cloak.
  4694 | D:5      | 4694 ||| READING 2 scrolls of remove curse.
  4695 | D:5      | 4695 ||| READING scroll labeled SUSTUO HIENG.
  4696 | D:5      | 4696 ||| READING 2 scrolls of identify.
  4696 | D:5      | 4696 ||| IDENTIFYING fuming amethyst potion
  4697 | D:5      | 4697 ||| DROPPING potion of agility.
  4736 | D:6      | 4736 ||| STAIRDANCE
  4770 | D:6      | Reached skill level 1 in Shields
  4851 | D:6      | Reached skill level 3 in Shields
  4858 | D:6      | 4858 ||| DROPPING +0 flail.
  4859 | D:6      | 4859 ||| UPGRADING to flail of protection.
  4860 | D:6      | 4860 ||| SWAPPING to +0 war axe.
  4909 | D:6      | Found a basalt altar of Yredelemnul.
  4910 | D:6      | 4910 ||| INVOKING Berserk.
  4912 | D:6      | Reached skill level 3 in Armour
  4914 | D:6      | Reached **** piety under Trog
  5121 | D:6      | Found a staircase to the Ecumenical Temple.
  5228 | D:6      | 5228 ||| UPGRADING to embroidered scarf.
  5238 | D:6      | 5238 ||| UPGRADING to small bone ring.
  5240 | D:6      | 5240 ||| UPGRADING to +3 ring of strength.
  5242 | D:6      | 5242 ||| READING scroll labeled IXYTTA GIZODO.
  5269 | D:6      | 5269 ||| DRINKING 2 orange potions.
  5348 | D:7      | Reached XP level 8. HP: 69/69 MP: 7/7
  5370 | D:7      | Reached skill level 4 in Armour
  5400 | D:7      | 5400 ||| DROPPING +0 flail of protection.
  5401 | D:7      | 5401 ||| UPGRADING to morningstar.
  5402 | D:7      | 5402 ||| SWAPPING to +0 war axe.
  5507 | D:7      | 5507 ||| INVOKING Berserk.
  5671 | D:7      | 5671 ||| READING scroll of enchant armour.
  5671 | D:7      | 5671 ||| ENCHANTING scarf of cold resistance.
  5739 | D:7      | Reached skill level 6 in Fighting
  5807 | D:7      | 5807 ||| INVOKING Berserk.
  5814 | D:7      | 5814 ||| EATING 3 royal jellies.
  5928 | D:7      | 5928 ||| INVOKING Berserk.
  5930 | D:7      | Reached skill level 6 in Shields
  6078 | D:7      | 6078 ||| INVOKING Berserk.
  6200 | D:7      | 6200 ||| INVOKING Berserk.
  6354 | D:7      | 6354 ||| READING scroll labeled USIN MAXURI PIK.
  6390 | D:7      | Received a gift from Trog
  6405 | D:8      | 6405 ||| STAIRDANCE
  6455 | D:8      | Reached skill level 5 in Armour
  6455 | D:8      | Reached XP level 9. HP: 64/75 MP: 8/8
  6464 | D:8      | 6464 ||| INVOKING Berserk.
  6617 | D:8      | 6617 ||| EATING 2 royal jellies.
  6675 | D:8      | 6675 ||| INVOKING Berserk.
  6784 | D:8      | 6784 ||| INVOKING Berserk.
  6807 | D:8      | HP: 19/79 [poisoned by a killer bee]
  6812 | D:8      | HP: 19/79 [poisoned by a killer bee]
  6817 | D:8      | HP: 18/79 [poisoned by a killer bee]
  7123 | D:8      | 7123 ||| EATING royal jelly.
  7291 | D:8      | Reached skill level 12 in Axes
  7303 | D:8      | Reached ***** piety under Trog
  7430 | D:8      | 7430 ||| UPGRADING to dented steel amulet.
  7431 | D:8      | 7431 ||| READING scroll labeled ITIOTEE OJETUL.
  7432 | D:8      | 7432 ||| READING 2 scrolls of identify.
  7432 | D:8      | 7432 ||| IDENTIFYING viscous silvery potion
  7433 | D:8      | 7433 ||| DROPPING potion of brilliance.
  7501 | D:9      | Found Ziariynk's Food Boutique.
  7551 | D:9      | Noticed Gastronok
  7567 | D:9      | 7567 ||| INVOKING Berserk.
  7576 | D:9      | Killed Gastronok
  7576 | D:9      | Reached XP level 10. HP: 88/88 MP: 9/9
  7651 | D:9      | Reached skill level 6 in Armour
  7759 | D:9      | 7759 ||| INVOKING Berserk.
  7836 | D:9      | Noticed a two-headed ogre
  7843 | D:9      | Killed a two-headed ogre
  7874 | D:9      | 7874 ||| INVOKING Burn Spellbooks.
  8017 | D:9      | Found a staircase to the Orcish Mines.
  8020 | D:9      | 8020 ||| INVOKING Berserk.
  8169 | D:9      | Found a staircase to the Lair.
  8170 | D:9      | 8170 ||| INVOKING Berserk.
  8174 | D:9      | Reached skill level 9 in Fighting
  8288 | D:9      | 8288 ||| INVOKING Berserk.
  8719 | D:9      | 8719 ||| READING scroll labeled ARYXEI OVECKATT.
  8720 | D:9      | 8720 ||| READING 2 scrolls of identify.
  8720 | D:9      | 8720 ||| IDENTIFYING sedimented inky potion
  8721 | D:9      | 8721 ||| DROPPING potion of degeneration.
  8770 | Lair:1   | Entered Level 1 of the Lair of Beasts
  8771 | Lair:1   | 8771 ||| Entered L.
  8775 | Lair:1   | 8775 ||| Stepping ~*~*~tactically~*~*~ (water).
  8798 | Lair:1   | Reached skill level 3 in Dodging
  8798 | Lair:1   | Reached XP level 11. HP: 89/97 MP: 10/10
  8873 | Lair:1   | Reached skill level 7 in Armour
  8902 | Lair:1   | 8902 ||| INVOKING Berserk.
  9019 | Lair:1   | Noticed an oklob plant
  9020 | Lair:1   | 9020 ||| INVOKING Brothers in Arms.
  9022 | Lair:1   | Noticed an oklob plant
  9023 | Lair:1   | Noticed an oklob plant
  9179 | Lair:1   | 9179 ||| READING scroll of enchant weapon.
  9179 | Lair:1   | 9179 ||| ENCHANTING +1 war axe.
  9233 | Lair:1   | 9233 ||| INVOKING Berserk.
  9236 | Lair:1   | Reached skill level 15 in Axes
  9316 | Lair:1   | Noticed a seven-headed hydra
  9317 | Lair:1   | 9317 ||| INVOKING Brothers in Arms.
  9319 | Lair:1   | 9319 ||| SWAPPING to +0 morningstar.
  9320 | Lair:1   | 9320 ||| INVOKING Berserk.
  9323 | Lair:1   | Killed a seven-headed hydra
  9328 | Lair:1   | 9328 ||| SWAPPING to +2 war axe.
  9407 | Lair:1   | 9407 ||| INVOKING Berserk.
  9559 | Lair:1   | Noticed a four-headed hydra
  9560 | Lair:1   | 9560 ||| INVOKING Brothers in Arms.
  9562 | Lair:1   | 9562 ||| SWAPPING to +0 morningstar.
  9564 | Lair:1   | 9564 ||| INVOKING Berserk.
  9565 | Lair:1   | Killed a four-headed hydra
  9565 | Lair:1   | Reached skill level 8 in Armour
  9569 | Lair:1   | 9569 ||| SWAPPING to +2 war axe.
  9686 | Lair:2   | 9686 ||| STAIRDANCE
  9688 | Lair:1   | 9688 ||| INVOKING Berserk.
  9697 | Lair:1   | Received a gift from Trog
  9730 | Lair:1   | 9730 ||| EATING 5 fruits.
  9733 | Lair:1   | 9733 ||| SWAPPING to runed war axe {god gift}.
  9734 | Lair:1   | 9734 ||| DROPPING +2 war axe.
  9757 | Lair:2   | 9757 ||| INVOKING Berserk.
  9798 | Lair:2   | 9798 ||| EATING 4 fruits.
  9908 | Lair:2   | 9908 ||| INVOKING Berserk.
 10035 | Lair:2   | 10035 ||| INVOKING Berserk.
 10122 | Lair:2   | 10122 ||| INVOKING Berserk.
 10125 | Lair:2   | Reached XP level 12. HP: 106/106 MP: 11/11
 10195 | Lair:2   | 10195 ||| READING scroll of enchant weapon.
 10195 | Lair:2   | 10195 ||| ENCHANTING +3 war axe of chopping.
 10241 | Lair:2   | Reached skill level 9 in Armour
 10377 | Lair:2   | 10377 ||| Stepping ~*~*~tactically~*~*~ (water).
 10705 | Lair:2   | 10705 ||| INVOKING Berserk.
 11043 | Lair:2   | 11043 ||| Stepping ~*~*~tactically~*~*~ (water).
 11059 | Lair:2   | 11059 ||| UPGRADING to brass ring.
 11061 | Lair:2   | 11061 ||| REMOVING ring of fire.
 11062 | Lair:2   | 11062 ||| UPGRADING to ring of resist corrosion.
 11063 | Lair:2   | 11063 ||| UPGRADING to +3 ring of strength.
 11065 | Lair:2   | 11065 ||| DRINKING 2 white potions.
 11066 | Lair:2   | 11066 ||| DROPPING potion of flight.
 11389 | Lair:3   | Found a hole to the Spider Nest.
 11390 | Lair:3   | 11390 ||| INVOKING Brothers in Arms.
 11399 | Lair:3   | 11399 ||| INVOKING Brothers in Arms.
 11400 | Lair:3   | 11400 ||| INVOKING Berserk.
 11469 | Lair:3   | Got an ancient chain mail
 11682 | Lair:3   | 11682 ||| INVOKING Berserk.
 11717 | Lair:3   | 11717 ||| EATING 12 fruits.
 11783 | Lair:3   | 11783 ||| INVOKING Berserk.
 11785 | Lair:3   | Reached skill level 12 in Fighting
 11796 | Lair:3   | 11796 ||| EATING 11 fruits.
 12210 | Lair:3   | 12210 ||| EATING 10 fruits.
 12385 | Lair:3   | 12385 ||| UPGRADING to ancient chain mail.
 12395 | Lair:3   | Identified the +1 chain mail "Pelifrou" {Dex+3} (You found it on level 3 of the Lair of Beasts)
 12395 | Lair:3   | 12395 ||| UPGRADING to +0 plate armour.
 12405 | Lair:3   | 12405 ||| DROPPING +1 chain mail "Pelifrou" {Dex+3}.
 12406 | Lair:3   | 12406 ||| READING 2 scrolls of identify.
 12406 | Lair:3   | 12406 ||| IDENTIFYING inky potion
 12443 | Lair:4   | 12443 ||| STAIRDANCE
 12449 | Lair:4   | 12449 ||| STAIRDANCE
 12488 | Lair:4   | 12488 ||| STAIRDANCE
 12492 | Lair:4   | 12492 ||| STAIRDANCE
 12494 | Lair:3   | 12494 ||| INVOKING Berserk.
 12528 | Lair:4   | 12528 ||| STAIRDANCE
 12530 | Lair:3   | 12530 ||| INVOKING Berserk.
 12532 | Lair:3   | Reached skill level 12 in Shields
 12596 | Lair:4   | Found a staircase to the Shoals.
 12615 | Lair:4   | Noticed Josephine
 12626 | Lair:4   | Killed Josephine
 12626 | Lair:4   | Reached skill level 10 in Armour
 12633 | Lair:4   | Noticed Nessos
 12634 | Lair:4   | 12634 ||| INVOKING Brothers in Arms.
 12643 | Lair:4   | 12643 ||| INVOKING Berserk.
 12643 | Lair:4   | Killed Nessos
 12686 | Lair:4   | 12686 ||| INVOKING Berserk.
 12943 | Lair:4   | Noticed a six-headed hydra
 12944 | Lair:4   | 12944 ||| INVOKING Brothers in Arms.
 12946 | Lair:4   | 12946 ||| SWAPPING to +0 morningstar.
 12951 | Lair:4   | Killed a six-headed hydra
 12952 | Lair:4   | 12952 ||| SWAPPING to +4 war axe of chopping.
 12998 | Lair:4   | 12998 ||| EATING 9 fruits.
 13114 | Lair:4   | Noticed Rupert
 13115 | Lair:4   | 13115 ||| INVOKING Trog's Hand.
 13116 | Lair:4   | 13116 ||| INVOKING Brothers in Arms.
 13117 | Lair:4   | 13117 ||| INVOKING Brothers in Arms.
 13118 | Lair:4   | 13118 ||| INVOKING Brothers in Arms.
 13120 | Lair:4   | 13120 ||| INVOKING Berserk.
 13134 | Lair:4   | Killed Rupert
 13134 | Lair:4   | Reached skill level 6 in Dodging
 13134 | Lair:4   | Reached XP level 13. HP: 119/119 MP: 12/12
 13172 | Lair:4   | 13172 ||| EATING 8 fruits.
 13275 | Lair:4   | 13275 ||| EATING 7 fruits.
 13290 | Lair:4   | 13290 ||| INVOKING Berserk.
 13356 | Lair:4   | 13356 ||| EATING 6 fruits.
 13742 | Lair:5   | 13742 ||| STAIRDANCE
 14037 | Lair:5   | Noticed Kirke
 14037 | Lair:5   | 14037 ||| INVOKING Trog's Hand.
 14045 | Lair:5   | Reached skill level 11 in Armour
 14055 | Lair:5   | Killed Kirke
 14423 | Lair:5   | 14423 ||| INVOKING Brothers in Arms.
 14425 | Lair:5   | 14425 ||| SWAPPING to +0 morningstar.
 14426 | Lair:5   | 14426 ||| INVOKING Berserk.
 14435 | Lair:5   | 14435 ||| SWAPPING to +4 war axe of chopping.
 14767 | Lair:5   | Found a staircase to the Slime Pits.
 14954 | Lair:6   | Entered Level 6 of the Lair of Beasts
 15076 | Lair:6   | 15076 ||| INVOKING Brothers in Arms.
 15077 | Lair:6   | 15077 ||| INVOKING Brothers in Arms.
 15081 | Lair:6   | 15081 ||| SWAPPING to +0 morningstar.
 15082 | Lair:6   | 15082 ||| INVOKING Berserk.
 15095 | Lair:6   | 15095 ||| SWAPPING to +4 war axe of chopping.
 15379 | Lair:6   | 15379 ||| INVOKING Brothers in Arms.
 15426 | Lair:6   | 15426 ||| INVOKING Brothers in Arms.
 15430 | Lair:6   | 15430 ||| INVOKING Berserk.
 15810 | Lair:6   | Reached XP level 14. HP: 113/132 MP: 13/13
 15820 | Lair:6   | Reached skill level 12 in Armour
 16076 | Lair:6   | 16076 ||| UPGRADING to large diamond amulet.
 16078 | Lair:6   | 16078 ||| REMOVING amulet of harm.
 16079 | Lair:6   | 16079 ||| UPGRADING to +4 amulet of reflection.
 16080 | Lair:6   | 16080 ||| DROPPING amulet of harm.
 16081 | Lair:6   | 16081 ||| READING 4 scrolls of identify.
 16081 | Lair:6   | 16081 ||| IDENTIFYING cyan potion
 16082 | Lair:6   | 16082 ||| READING 3 scrolls of identify.
 16082 | Lair:6   | 16082 ||| IDENTIFYING glowing red potion
 16083 | Lair:6   | 16083 ||| READING 2 scrolls of identify.
 16083 | Lair:6   | 16083 ||| IDENTIFYING golden potion
 16084 | Lair:6   | 16084 ||| DROPPING potion of cancellation.
 16085 | Lair:6   | 16085 ||| DROPPING potion of invisibility.
 16223 | D:10     | Entered Level 10 of the Dungeon
 16329 | D:10     | Noticed Chiseanne's ghost (journeyman SpGl)
 16329 | D:10     | 16329 ||| INVOKING Brothers in Arms.
 16332 | D:10     | 16332 ||| INVOKING Berserk.
 16341 | D:10     | Killed Chiseanne's ghost
 16483 | D:10     | 16483 ||| SWAPPING to broad axe.
 16486 | D:10     | 16486 ||| DROPPING +4 war axe of chopping.
 17152 | D:10     | 17152 ||| UPGRADING to runed steel amulet.
 17154 | D:10     | 17154 ||| DROPPING +4 amulet of reflection.
 17155 | D:10     | 17155 ||| READING scroll labeled AXTIEPRATHRA.
 17156 | D:10     | 17156 ||| READING 3 scrolls labeled HOPSIY VIOGA.
 17157 | D:10     | 17157 ||| DROPPING 2 scrolls of fear.
 17209 | D:11     | Noticed retryentry's ghost (journeyman DsFi)
 17210 | D:11     | 17210 ||| INVOKING Brothers in Arms.
 17211 | D:11     | 17211 ||| INVOKING Berserk.
 17216 | D:11     | Killed retryentry's ghost
 17288 | D:11     | 17288 ||| INVOKING Burn Spellbooks.
 17494 | D:11     | 17494 ||| READING scroll of enchant armour.
 17494 | D:11     | 17494 ||| ENCHANTING scarf of cold resistance.
 17525 | D:11     | Received a gift from Trog
 17556 | D:11     | 17556 ||| READING scroll of enchant armour.
 17556 | D:11     | 17556 ||| ENCHANTING scarf of cold resistance.
 17714 | D:11     | 17714 ||| DROPPING +0 broad axe.
 17744 | D:11     | 17744 ||| STAIRDANCE
 17746 | D:10     | 17746 ||| READING scroll labeled IMPORIHEAVU.
 17909 | D:10     | 17909 ||| READING 2 scrolls of identify.
 17909 | D:10     | 17909 ||| IDENTIFYING dark potion
 17910 | D:10     | 17910 ||| DROPPING potion of berserk rage.
 17914 | D:11     | 17914 ||| STAIRDANCE
 17928 | D:11     | 17928 ||| STAIRDANCE
 17933 | D:11     | 17933 ||| STAIRDANCE
 17937 | D:11     | 17937 ||| STAIRDANCE
 17947 | D:11     | 17947 ||| STAIRDANCE
 17951 | D:11     | 17951 ||| STAIRDANCE
 17956 | D:11     | 17956 ||| STAIRDANCE
 17960 | D:11     | 17960 ||| STAIRDANCE
 17965 | D:11     | 17965 ||| STAIRDANCE
 17971 | D:11     | 17971 ||| STAIRDANCE
 18036 | D:11     | 18036 ||| EATING 6 fruits.
 18092 | D:11     | 18092 ||| UPGRADING to embroidered cloak.
 18102 | D:11     | 18102 ||| DROPPING +0 cloak.
 18103 | D:11     | 18103 ||| DROPPING scarf of cold resistance.
 18230 | D:12     | Found Hangetz's General Store.
 18241 | D:12     | Bought a scroll of teleportation for 42 gold pieces
 18288 | D:12     | 18288 ||| INVOKING Berserk.
 18370 | D:12     | Got a scorched flail
 18371 | D:12     | 18371 ||| UPGRADING to scorched flail.
 18371 | D:12     | Identified the cursed +1 flail of Xuyg {crush, *Slow Dex+5} (You found it on level 12 of the Dungeon)
 18372 | D:12     | 18372 ||| READING 10 scrolls of remove curse.
 18373 | D:12     | 18373 ||| SWAPPING to +3 antimagic broad axe.
 18374 | D:12     | 18374 ||| DROPPING +1 flail of Xuyg {crush, *Slow Dex+5}.
 18402 | D:12     | 18402 ||| INVOKING Brothers in Arms.
 18404 | D:12     | 18404 ||| SWAPPING to +0 morningstar.
 18406 | D:12     | 18406 ||| INVOKING Berserk.
 18413 | D:12     | 18413 ||| SWAPPING to +3 antimagic broad axe.
 18550 | D:12     | Noticed Sonja
 18550 | D:12     | 18550 ||| INVOKING Brothers in Arms.
 18551 | D:12     | 18551 ||| INVOKING Brothers in Arms.
 18553 | D:12     | 18553 ||| INVOKING Berserk.
 18558 | D:12     | Killed Sonja
 18604 | D:12     | 18604 ||| EATING 5 fruits.
 18761 | D:12     | Noticed Nergalle
 18775 | D:12     | Killed Nergalle
 19338 | D:13     | Found a blossoming altar of Fedhas.
 19364 | D:13     | 19364 ||| EATING 5 fruits.
 19385 | D:13     | Found a gate to the Vaults.
 19458 | D:13     | Reached skill level 18 in Axes
 19463 | D:13     | Found a portal to a secret trove of treasure.
 19711 | D:13     | 19711 ||| INVOKING Trog's Hand.
 19728 | D:13     | Received a gift from Trog
 19770 | D:13     | 19770 ||| INVOKING Brothers in Arms.
 19772 | D:13     | 19772 ||| SWAPPING to +0 morningstar.
 19773 | D:13     | 19773 ||| INVOKING Berserk.
 19783 | D:13     | 19783 ||| SWAPPING to +3 antimagic broad axe.
 19915 | D:13     | 19915 ||| INVOKING Burn Spellbooks.
 19922 | D:13     | 19922 ||| INVOKING Trog's Hand.
 19927 | D:13     | Reached skill level 15 in Fighting
 19960 | D:13     | 19960 ||| INVOKING Trog's Hand.
 20190 | D:13     | Found Baseydok's General Store.
 20196 | D:13     | Bought a potion of heal wounds for 70 gold pieces
 20369 | D:13     | 20369 ||| READING scroll labeled YHOLOY TYCOM.
 20370 | D:13     | 20370 ||| READING scroll labeled VEX IRACACK.
 20371 | D:13     | 20371 ||| READING 5 scrolls of identify.
 20371 | D:13     | 20371 ||| IDENTIFYING fuming blue potion
 20395 | D:14     | 20395 ||| STAIRDANCE
 20564 | D:14     | Noticed Snorg
 20565 | D:14     | 20565 ||| INVOKING Brothers in Arms.
 20569 | D:14     | Killed Snorg
 20972 | D:14     | Reached skill level 15 in Shields
 21082 | D:14     | Found a shattered altar of Ashenzari.
 21083 | D:14     | 21083 ||| UPGRADING to ice dragon scales.
 21093 | D:14     | 21093 ||| UPGRADING to +0 plate armour.
 21177 | D:15     | Entered Level 15 of the Dungeon
 21178 | D:15     | 21178 ||| STAIRDANCE
 21204 | D:15     | 21204 ||| READING scroll of enchant weapon.
 21204 | D:15     | 21204 ||| ENCHANTING +3 broad axe of electrocution.
 21224 | D:15     | Reached XP level 15. HP: 120/141 MP: 14/14
 21274 | D:15     | Noticed Azrael
 21278 | D:15     | 21278 ||| INVOKING Berserk.
 21286 | D:15     | Killed Azrael
 21505 | D:15     | Received a gift from Trog
 21512 | D:15     | 21512 ||| INVOKING Berserk.
 21527 | D:15     | 21527 ||| EATING 4 fruits.
 21549 | D:15     | 21549 ||| INVOKING Brothers in Arms.
 21589 | D:15     | 21589 ||| SWAPPING to glowing broad axe {god gift}.
 21590 | D:15     | 21590 ||| SWAPPING to +4 broad axe of electrocution.
 21591 | D:15     | 21591 ||| DROPPING +1 broad axe of chopping.
 21661 | D:15     | 21661 ||| INVOKING Brothers in Arms.
 21663 | D:15     | 21663 ||| SWAPPING to +0 morningstar.
 21664 | D:15     | 21664 ||| INVOKING Berserk.
 21674 | D:15     | Reached skill level 13 in Armour
 21678 | D:15     | 21678 ||| SWAPPING to +4 broad axe of electrocution.
 22193 | D:15     | 22193 ||| INVOKING Berserk.
 22208 | D:15     | 22208 ||| EATING 3 fruits.
 22285 | D:15     | 22285 ||| INVOKING Berserk.
 22290 | D:15     | Found a staircase to the Depths.
 22292 | D:15     | 22292 ||| EATING 2 fruits.
 22323 | D:15     | 22323 ||| EATING fruit.
 22403 | D:15     | 22403 ||| INVOKING Berserk.
 22406 | D:15     | HP: 51/214 [mirror damage (8)]
 22490 | D:15     | 22490 ||| INVOKING Berserk.
 22810 | D:15     | 22810 ||| EATING royal jelly.
 23093 | D:15     | 23093 ||| READING 6 scrolls of identify.
 23093 | D:15     | 23093 ||| IDENTIFYING sedimented coppery potion
 23094 | D:15     | 23094 ||| DROPPING potion of magic.
 23095 | D:15     | 23095 ||| DROPPING 6 tomahawks.
 23340 | Orc:1    | Entered Level 1 of the Orcish Mines
 23341 | Orc:1    | 23341 ||| Entered O.
 23370 | Orc:1    | Found Qoetoh's Quality Used Wands.
 23406 | Orc:1    | 23406 ||| INVOKING Trog's Hand.
 23409 | Orc:1    | 23409 ||| INVOKING Berserk.
 23413 | Orc:1    | Received a gift from Trog
 23592 | Orc:1    | 23592 ||| INVOKING Trog's Hand.
 23596 | Orc:1    | 23596 ||| INVOKING Berserk.
 23669 | Orc:1    | 23669 ||| UPGRADING to war axe of flaming.
 23670 | Orc:1    | 23670 ||| SWAPPING to +4 broad axe of electrocution.
 23671 | Orc:1    | 23671 ||| DROPPING +0 morningstar.
 23966 | Orc:2    | Entered Level 2 of the Orcish Mines
 23966 | Orc:2    | Noticed retryentry's ghost (journeyman CeFi)
 23967 | Orc:2    | 23967 ||| INVOKING Brothers in Arms.
 23968 | Orc:2    | 23968 ||| INVOKING Brothers in Arms.
 23972 | Orc:2    | 23972 ||| INVOKING Berserk.
 23977 | Orc:2    | Killed retryentry's ghost
 23978 | Orc:2    | Noticed an orc warlord
 23992 | Orc:2    | 23992 ||| INVOKING Trog's Hand.
 23994 | Orc:2    | 23994 ||| READING 9 scrolls of teleportation.
 24003 | Orc:2    | 24003 ||| READING 8 scrolls of teleportation.
 24006 | Orc:2    | 24006 ||| READING 7 scrolls of teleportation.
 24015 | Orc:2    | 24015 ||| READING 6 scrolls of teleportation.
 24020 | Orc:2    | 24020 ||| EATING 3 fruits.
 24086 | Orc:2    | 24086 ||| READING 5 scrolls of teleportation.
 24092 | Orc:2    | 24092 ||| READING 4 scrolls of teleportation.
 24095 | Orc:2    | HP: 27/144 [ogre/giant spiked club (18)]
 24098 | Orc:2    | 24098 ||| READING 3 scrolls of teleportation.
 24103 | Orc:2    | Found a staircase to the Elven Halls.
 24104 | Orc:2    | 24104 ||| READING 2 scrolls of teleportation.
 24145 | Orc:2    | 24145 ||| READING scroll of teleportation.
 24150 | Orc:2    | 24150 ||| INVOKING Brothers in Arms.
 24151 | Orc:2    | 24151 ||| INVOKING Brothers in Arms.
 24154 | Orc:2    | 24154 ||| INVOKING Trog's Hand.
 24169 | Orc:2    | 24169 ||| INVOKING Brothers in Arms.
 24171 | Orc:2    | Reached skill level 14 in Armour
 24172 | Orc:2    | 24172 ||| EATING 15 bread rations.
 24193 | Orc:2    | 24193 ||| INVOKING Trog's Hand.
 24197 | Orc:2    | Found Xutaxt's Assorted Antiques.
 24198 | Orc:2    | 24198 ||| INVOKING Berserk.
 24207 | Orc:2    | Killed an orc warlord
 24208 | Orc:2    | Found Hievuod's Assorted Antiques.
 24208 | Orc:2    | Found Estrighawk's General Store.
 24208 | Orc:2    | Found Caprigh's Gadget Shop.
 24309 | Orc:2    | 24309 ||| INVOKING Trog's Hand.
 24320 | Orc:2    | 24320 ||| INVOKING Berserk.
 24432 | Orc:2    | Bought a scroll of recharging for 304 gold pieces
 24432 | Orc:2    | Bought a potion of heal wounds for 160 gold pieces
 24433 | Orc:2    | Bought a scroll of teleportation for 90 gold pieces
 24433 | Orc:2    | Bought a twisted lead wand for 120 gold pieces
 24435 | Orc:2    | Bought a potion of curing for 39 gold pieces
 24435 | Orc:2    | Bought a scroll of identify for 26 gold pieces
 24851 | Orc:2    | 24851 ||| UPGRADING to glowing chain mail.
 24861 | Orc:2    | 24861 ||| UPGRADING to +0 plate armour.
 24871 | Orc:2    | 24871 ||| DROPPING +1 chain mail of positive energy.
 24872 | Orc:2    | 24872 ||| DROPPING wand of polymorph (?/24).
 25457 | Lair:3   | 25457 ||| INVOKING Brothers in Arms.
 25459 | Lair:3   | 25459 ||| EATING fruit.
 25478 | Spider:1 | Entered Level 1 of the Spider Nest
 25479 | Spider:1 | 25479 ||| Entered N.
 25882 | Spider:1 | Reached XP level 16. HP: 116/155 MP: 15/15
 26072 | Spider:1 | 26072 ||| EATING 14 bread rations.
 26328 | Spider:1 | 26328 ||| INVOKING Brothers in Arms.
 26344 | Spider:1 | 26344 ||| READING scroll of teleportation.
 26635 | Spider:1 | 26635 ||| INVOKING Brothers in Arms.
 26655 | Spider:1 | 26655 ||| DRINKING 5 potions of curing.
 26655 | Spider:1 | 26655 ||| (to cure confusion)
 26906 | Spider:1 | 26906 ||| UPGRADING to pair of runed gloves.
 26932 | Spider:2 | 26932 ||| STAIRDANCE
 26939 | Spider:2 | 26939 ||| STAIRDANCE
 27080 | Spider:2 | 27080 ||| STAIRDANCE
 27082 | Spider:1 | 27082 ||| EATING 13 bread rations.
 27086 | Spider:2 | 27086 ||| STAIRDANCE
 27248 | Spider:2 | 27248 ||| INVOKING Brothers in Arms.
 27473 | Spider:2 | Received a gift from Trog
 27557 | Spider:2 | 27557 ||| INVOKING Brothers in Arms.
 27668 | Spider:2 | 27668 ||| DRINKING 2 potions of resistance.
 27732 | Spider:2 | 27732 ||| INVOKING Burn Spellbooks.
 27834 | Spider:2 | 27834 ||| INVOKING Berserk.
 28205 | Spider:3 | 28205 ||| STAIRDANCE
 28210 | Spider:3 | 28210 ||| STAIRDANCE
 28218 | Spider:3 | 28218 ||| STAIRDANCE
 28222 | Spider:2 | Reached skill level 15 in Armour
 28230 | Spider:3 | 28230 ||| STAIRDANCE
 28398 | Spider:3 | 28398 ||| STAIRDANCE
 28414 | Spider:3 | 28414 ||| INVOKING Brothers in Arms.
 28425 | Spider:3 | Reached skill level 9 in Dodging
 28426 | Spider:3 | 28426 ||| EATING 2 fruits.
 28457 | Spider:3 | 28457 ||| INVOKING Brothers in Arms.
 28632 | Spider:3 | Received a gift from Trog
 28934 | Spider:3 | 28934 ||| EATING fruit.
 29361 | Spider:3 | 29361 ||| INVOKING Brothers in Arms.
 29452 | Spider:4 | Entered Level 4 of the Spider Nest
 29453 | Spider:4 | 29453 ||| INVOKING Brothers in Arms.
 29463 | Spider:4 | Reached skill level 18 in Fighting
 29467 | Spider:4 | 29467 ||| DRINKING 5 potions of curing.
 29467 | Spider:4 | 29467 ||| (to cure bad poison)
 29483 | Spider:4 | 29483 ||| EATING 13 bread rations.
 29713 | Spider:4 | 29713 ||| INVOKING Brothers in Arms.
 29786 | Spider:4 | 29786 ||| INVOKING Brothers in Arms.
 29788 | Spider:4 | 29788 ||| INVOKING Brothers in Arms.
 29826 | Spider:4 | 29826 ||| INVOKING Brothers in Arms.
 29836 | Spider:4 | 29836 ||| Stepping ~*~*~tactically~*~*~ (water).
 29839 | Spider:4 | 29839 ||| Stepping ~*~*~tactically~*~*~ (water).
 29855 | Spider:4 | Noticed Arachne
 29855 | Spider:4 | 29855 ||| INVOKING Brothers in Arms.
 29856 | Spider:4 | 29856 ||| INVOKING Brothers in Arms.
 29858 | Spider:4 | 29858 ||| INVOKING Berserk.
 29866 | Spider:4 | Killed Arachne
 29873 | Spider:4 | 29873 ||| INVOKING Burn Spellbooks.
 29878 | Spider:4 | 29878 ||| INVOKING Brothers in Arms.
 29883 | Spider:4 | 29883 ||| Stepping ~*~*~tactically~*~*~ (water).
 29897 | Spider:4 | Reached skill level 18 in Shields
 29949 | Spider:4 | 29949 ||| INVOKING Brothers in Arms.
 29950 | Spider:4 | 29950 ||| INVOKING Brothers in Arms.
 30037 | Spider:4 | 30037 ||| INVOKING Brothers in Arms.
 30048 | Spider:4 | 30048 ||| DRINKING 4 potions of curing.
 30048 | Spider:4 | 30048 ||| (to cure confusion)
 30057 | Spider:4 | 30057 ||| Stepping ~*~*~tactically~*~*~ (water).
 30058 | Spider:4 | Reached XP level 17. HP: 154/163 MP: 0/16
 30150 | Spider:4 | 30150 ||| DRINKING potion of resistance.
 30151 | Spider:4 | 30151 ||| Stepping ~*~*~tactically~*~*~ (water).
 30256 | Spider:4 | 30256 ||| INVOKING Berserk.
 30325 | Spider:4 | 30325 ||| INVOKING Brothers in Arms.
 30334 | Spider:4 | 30334 ||| Stepping ~*~*~tactically~*~*~ (water).
 30335 | Spider:4 | Reached skill level 16 in Armour
 30365 | Spider:4 | 30365 ||| Stepping ~*~*~tactically~*~*~ (water).
 30366 | Spider:4 | 30366 ||| INVOKING Berserk.
 30368 | Spider:4 | HP: 60/244 [poisoned by a redback]
 30373 | Spider:4 | HP: 33/163 [poisoned by a redback]
 30378 | Spider:4 | HP: 18/163 [poisoned by a redback]
 30383 | Spider:4 | HP: 10/163 [poisoned by a redback]
 30388 | Spider:4 | HP: 6/163 [poisoned by a redback]
 30393 | Spider:4 | HP: 5/163 [poisoned by a redback]
 30398 | Spider:4 | HP: 5/163 [poisoned by a redback]
 30405 | Spider:4 | HP: 6/163 [poisoned by a redback]
 30413 | Spider:4 | HP: 7/163 [poisoned by a redback]
 30437 | Spider:4 | 30437 ||| EATING 12 bread rations.
 30459 | Spider:4 | 30459 ||| INVOKING Berserk.
 30465 | Spider:4 | 30465 ||| INVOKING Brothers in Arms.
 30745 | Spider:4 | Got a gossamer rune of Zot
 31094 | Spider:4 | 31094 ||| UPGRADING to encrusted agate ring.
 31096 | Spider:4 | 31096 ||| REMOVING ring of flight.
 31097 | Spider:4 | 31097 ||| DROPPING ring of flight.
 31098 | Spider:4 | 31098 ||| UPGRADING to ring of resist corrosion.
 31099 | Spider:4 | 31099 ||| UPGRADING to +3 ring of strength.
 31467 | Vaults:1 | Entered Level 1 of the Vaults
 31468 | Vaults:1 | 31468 ||| Entered V.
 31519 | Vaults:1 | 31519 ||| EATING 11 bread rations.
 31582 | Vaults:1 | Noticed Asterion
 31582 | Vaults:1 | 31582 ||| INVOKING Brothers in Arms.
 31583 | Vaults:1 | 31583 ||| INVOKING Berserk.
 31594 | Vaults:1 | Killed Asterion
 31677 | Vaults:1 | 31677 ||| INVOKING Berserk.
 31959 | Vaults:1 | 31959 ||| INVOKING Trog's Hand.
 32002 | Vaults:1 | 32002 ||| INVOKING Trog's Hand.
 32158 | Vaults:1 | 32158 ||| INVOKING Trog's Hand.
 32159 | Vaults:1 | 32159 ||| INVOKING Berserk.
 32193 | Vaults:1 | 32193 ||| INVOKING Trog's Hand.
 32197 | Vaults:1 | 32197 ||| INVOKING Brothers in Arms.
 32205 | Vaults:1 | HP: 35/168 [green ugly thing (10)]
 32211 | Vaults:1 | Received a gift from Trog
 32245 | Vaults:1 | 32245 ||| INVOKING Berserk.
 32253 | Vaults:1 | 32253 ||| INVOKING Brothers in Arms.
 32278 | Vaults:1 | 32278 ||| EATING 3 fruits.
 32487 | Vaults:1 | 32487 ||| EATING 2 fruits.
 32916 | Vaults:1 | 32916 ||| INVOKING Brothers in Arms.
 32917 | Vaults:1 | 32917 ||| INVOKING Trog's Hand.
 32922 | Vaults:1 | 32922 ||| INVOKING Berserk.
 33182 | Vaults:1 | Reached skill level 17 in Armour
 33400 | Vaults:1 | 33400 ||| EATING fruit.
 33535 | Vaults:2 | Reached XP level 18. HP: 131/176 MP: 17/17
 33607 | Vaults:2 | 33607 ||| DROPPING +3 war axe of flaming.
 33642 | Vaults:2 | Noticed Frederick
 33646 | Vaults:2 | 33646 ||| INVOKING Brothers in Arms.
 33648 | Vaults:2 | 33648 ||| INVOKING Berserk.
 33652 | Vaults:2 | Killed Frederick
 33738 | Vaults:2 | 33738 ||| INVOKING Berserk.
 33823 | Vaults:2 | 33823 ||| INVOKING Brothers in Arms.
 33824 | Vaults:2 | 33824 ||| INVOKING Berserk.
 33989 | Vaults:2 | 33989 ||| INVOKING Brothers in Arms.
 34108 | Vaults:2 | Received a gift from Trog
 34247 | Vaults:2 | 34247 ||| INVOKING Trog's Hand.
 34262 | Vaults:2 | Reached skill level 18 in Armour
 34267 | Vaults:2 | 34267 ||| INVOKING Trog's Hand.
 34271 | Vaults:2 | 34271 ||| INVOKING Berserk.
 34274 | Vaults:2 | 34274 ||| EATING 10 bread rations.
 34397 | Vaults:2 | 34397 ||| INVOKING Burn Spellbooks.
 34431 | Vaults:2 | Noticed Sojobo
 34431 | Vaults:2 | 34431 ||| INVOKING Brothers in Arms.
 34432 | Vaults:2 | 34432 ||| INVOKING Brothers in Arms.
 34433 | Vaults:2 | 34433 ||| INVOKING Berserk.
 34449 | Vaults:2 | Killed Sojobo
 34451 | Vaults:2 | HP: 66/267 [tengu reaver/long sword of electrocution[Sojobo] (9)]
 34587 | Vaults:2 | 34587 ||| INVOKING Trog's Hand.
 34616 | Vaults:2 | 34616 ||| INVOKING Trog's Hand.
 34713 | Vaults:2 | 34713 ||| INVOKING Berserk.
 34870 | Vaults:2 | 34870 ||| INVOKING Trog's Hand.
 34896 | Vaults:2 | 34896 ||| INVOKING Berserk.
 34917 | Vaults:2 | 34917 ||| INVOKING Brothers in Arms.
 34964 | Vaults:2 | HP: 43/178 [cyan very ugly thing (8)]
 34970 | Vaults:2 | HP: 36/178 [cyan very ugly thing (18)]
 34981 | Vaults:2 | 34981 ||| INVOKING Berserk.
 35270 | Vaults:2 | 35270 ||| EATING 9 bread rations.
 35300 | Vaults:2 | 35300 ||| READING scroll of enchant armour.
 35300 | Vaults:2 | 35300 ||| ENCHANTING +1 pair of gloves.
 35630 | Vaults:2 | Found Nanoch's Antique Armour Emporium.
 35638 | Vaults:2 | Bought a pair of embroidered boots for 240 gold pieces
 35638 | Vaults:2 | Bought a pair of embroidered boots for 240 gold pieces
 35638 | Vaults:2 | Bought an embroidered scarf for 256 gold pieces
 35638 | Vaults:2 | 35638 ||| UPGRADING to runed chain mail.
 35648 | Vaults:2 | 35648 ||| UPGRADING to pair of embroidered boots.
 35653 | Vaults:2 | 35653 ||| UPGRADING to pair of embroidered boots.
 35663 | Vaults:2 | 35663 ||| UPGRADING to +2 pair of boots.
 35673 | Vaults:2 | 35673 ||| DROPPING +1 pair of boots.
 35674 | Vaults:2 | 35674 ||| UPGRADING to embroidered scarf.
 35684 | Vaults:2 | 35684 ||| UPGRADING to +1 cloak.
 35694 | Vaults:2 | 35694 ||| DROPPING scarf of repulsion.
 35718 | Vaults:3 | Noticed a lich
 35718 | Vaults:3 | Paralysed by a lich for 5 turns
 35723 | Vaults:3 | 35723 ||| INVOKING Trog's Hand.
 35724 | Vaults:3 | 35724 ||| INVOKING Brothers in Arms.
 35725 | Vaults:3 | 35725 ||| INVOKING Brothers in Arms.
 35726 | Vaults:3 | 35726 ||| INVOKING Berserk.
 35729 | Vaults:3 | Killed a lich
 35905 | Vaults:3 | 35905 ||| INVOKING Berserk.
 35916 | Vaults:3 | 35916 ||| EATING 9 bread rations.
 36090 | Vaults:3 | 36090 ||| INVOKING Trog's Hand.
 36175 | Vaults:3 | Found a staircase to the Crypt.
 36175 | Vaults:3 | Found an ancient bone altar of Kikubaaqudgha.
 36184 | Vaults:3 | Found a basalt altar of Yredelemnul.
 36285 | Vaults:3 | 36285 ||| INVOKING Trog's Hand.
 36286 | Vaults:3 | 36286 ||| INVOKING Brothers in Arms.
 36287 | Vaults:3 | 36287 ||| INVOKING Berserk.
 36291 | Vaults:3 | Reached XP level 19. HP: 187/187 MP: 18/18
 36320 | Vaults:3 | 36320 ||| INVOKING Brothers in Arms.
 36324 | Vaults:3 | 36324 ||| INVOKING Trog's Hand.
 36575 | Vaults:3 | 36575 ||| INVOKING Trog's Hand.
 36579 | Vaults:3 | 36579 ||| INVOKING Berserk.
 36583 | Vaults:3 | 36583 ||| READING scroll of teleportation.
 36588 | Vaults:3 | 36588 ||| INVOKING Brothers in Arms.
 36589 | Vaults:3 | 36589 ||| INVOKING Brothers in Arms.
 36593 | Vaults:3 | Reached skill level 21 in Fighting
 36738 | Vaults:3 | 36738 ||| INVOKING Trog's Hand.
 36742 | Vaults:3 | 36742 ||| INVOKING Berserk.
 36934 | Vaults:3 | 36934 ||| READING scroll of enchant armour.
 36934 | Vaults:3 | 36934 ||| ENCHANTING +1 cloak.
 37109 | Vaults:3 | 37109 ||| INVOKING Brothers in Arms.
 37112 | Vaults:3 | 37112 ||| INVOKING Berserk.
 37377 | Vaults:3 | 37377 ||| INVOKING Trog's Hand.
 37382 | Vaults:3 | Reached skill level 21 in Shields
 37664 | Vaults:3 | 37664 ||| UPGRADING to shiny plate armour.
 37674 | Vaults:3 | 37674 ||| DROPPING +2 chain mail of fire resistance.
 37675 | Vaults:3 | 37675 ||| DROPPING +0 plate armour.
 37744 | Vaults:4 | Received a gift from Trog
 37860 | Vaults:4 | Found Giamu's Book Boutique.
 38016 | Vaults:4 | 38016 ||| INVOKING Trog's Hand.
 38184 | Vaults:4 | 38184 ||| READING scroll of enchant armour.
 38184 | Vaults:4 | 38184 ||| ENCHANTING +2 plate armour of fire resistance.
 38188 | Vaults:4 | 38188 ||| INVOKING Trog's Hand.
 38234 | Vaults:4 | 38234 ||| INVOKING Trog's Hand.
 38641 | Vaults:4 | 38641 ||| INVOKING Trog's Hand.
 38646 | Vaults:4 | 38646 ||| INVOKING Berserk.
 38650 | Vaults:4 | Reached skill level 19 in Armour
 38651 | Vaults:4 | 38651 ||| EATING 4 fruits.
 38914 | Vaults:4 | 38914 ||| READING 3 scrolls labeled NYVUWA RAASM.
 38915 | Vaults:4 | 38915 ||| DROPPING 2 scrolls of random uselessness.
 39049 | D:14     | 39049 ||| STAIRDANCE
 39056 | D:13     | 39056 ||| EATING 3 fruits.
 39059 | D:14     | 39059 ||| STAIRDANCE
 39069 | D:14     | 39069 ||| STAIRDANCE
 39412 | Shoals:1 | Entered Level 1 of the Shoals
 39413 | Shoals:1 | 39413 ||| Entered A.
 39428 | Shoals:1 | 39428 ||| DRINKING 4 potions of curing.
 39428 | Shoals:1 | 39428 ||| (to cure confusion)
 39429 | Shoals:1 | 39429 ||| Stepping ~*~*~tactically~*~*~ (water).
 39437 | Shoals:1 | 39437 ||| Stepping ~*~*~tactically~*~*~ (water).
 39491 | Shoals:1 | 39491 ||| Stepping ~*~*~tactically~*~*~ (water).
 39526 | Shoals:1 | Received a gift from Trog
 39546 | Shoals:1 | 39546 ||| Stepping ~*~*~tactically~*~*~ (water).
 39581 | Shoals:1 | 39581 ||| Stepping ~*~*~tactically~*~*~ (water).
 39586 | Shoals:1 | 39586 ||| Stepping ~*~*~tactically~*~*~ (water).
 39744 | Shoals:1 | 39744 ||| Stepping ~*~*~tactically~*~*~ (water).
 39745 | Shoals:1 | 39745 ||| Stepping ~*~*~tactically~*~*~ (water).
 39758 | Shoals:1 | 39758 ||| Stepping ~*~*~tactically~*~*~ (water).
 39806 | Shoals:1 | Found Ynaija Xefi's Food Boutique.
 39809 | Shoals:1 | 39809 ||| Stepping ~*~*~tactically~*~*~ (water).
 39923 | Shoals:1 | 39923 ||| Stepping ~*~*~tactically~*~*~ (water).
 39947 | Shoals:1 | 39947 ||| Stepping ~*~*~tactically~*~*~ (water).
 40154 | Shoals:1 | 40154 ||| Stepping ~*~*~tactically~*~*~ (water).
 40250 | Shoals:1 | 40250 ||| Stepping ~*~*~tactically~*~*~ (water).
 40260 | Shoals:1 | 40260 ||| Stepping ~*~*~tactically~*~*~ (water).
 40455 | Shoals:2 | 40455 ||| READING scroll of enchant armour.
 40455 | Shoals:2 | 40455 ||| ENCHANTING +3 plate armour of fire resistance.
 40492 | Shoals:2 | 40492 ||| Stepping ~*~*~tactically~*~*~ (water).
 40522 | Shoals:2 | Received a gift from Trog
 40569 | Shoals:2 | Reached XP level 20. HP: 198/198 MP: 19/19
 40617 | Shoals:2 | 40617 ||| INVOKING Burn Spellbooks.
 40632 | Shoals:2 | 40632 ||| Stepping ~*~*~tactically~*~*~ (water).
 40639 | Shoals:2 | 40639 ||| Stepping ~*~*~tactically~*~*~ (water).
 40666 | Shoals:2 | 40666 ||| Stepping ~*~*~tactically~*~*~ (water).
 40726 | Shoals:2 | Reached skill level 20 in Armour
 40912 | Shoals:2 | 40912 ||| DROPPING +0 ice dragon scales.
 40941 | Shoals:3 | 40941 ||| Stepping ~*~*~tactically~*~*~ (water).
 41102 | Shoals:3 | 41102 ||| Stepping ~*~*~tactically~*~*~ (water).
 41113 | Shoals:3 | 41113 ||| Stepping ~*~*~tactically~*~*~ (water).
 41114 | Shoals:3 | 41114 ||| Stepping ~*~*~tactically~*~*~ (water).
 41137 | Shoals:3 | 41137 ||| INVOKING Trog's Hand.
 41280 | Shoals:3 | 41280 ||| INVOKING Trog's Hand.
 41281 | Shoals:3 | 41281 ||| Stepping ~*~*~tactically~*~*~ (water).
 41283 | Shoals:3 | 41283 ||| Stepping ~*~*~tactically~*~*~ (water).
 41289 | Shoals:3 | 41289 ||| Stepping ~*~*~tactically~*~*~ (water).
 41291 | Shoals:3 | 41291 ||| Stepping ~*~*~tactically~*~*~ (water).
 41293 | Shoals:3 | 41293 ||| Stepping ~*~*~tactically~*~*~ (water).
 41656 | Shoals:3 | 41656 ||| UPGRADING to tubular cabochon ring.
 41658 | Shoals:3 | 41658 ||| UPGRADING to moonstone ring.
 41660 | Shoals:3 | 41660 ||| DROPPING ring of resist corrosion.
 41661 | Shoals:3 | 41661 ||| DROPPING +4 ring of intelligence.
 41677 | Shoals:4 | Entered Level 4 of the Shoals
 41677 | Shoals:4 | Found Rocyll's Retail Resort.
 41682 | Shoals:4 | Bought a scroll of recharging for 199 gold pieces
 41694 | Shoals:4 | 41694 ||| Stepping ~*~*~tactically~*~*~ (water).
 41697 | Shoals:4 | Received a gift from Trog
 41705 | Shoals:4 | 41705 ||| Stepping ~*~*~tactically~*~*~ (water).
 41753 | Shoals:4 | 41753 ||| Stepping ~*~*~tactically~*~*~ (water).
 41755 | Shoals:4 | 41755 ||| Stepping ~*~*~tactically~*~*~ (water).
 41763 | Shoals:4 | 41763 ||| INVOKING Burn Spellbooks.
 41768 | Shoals:4 | Noticed Ilsuiw
 41800 | Shoals:4 | Killed Ilsuiw
 41948 | Shoals:4 | 41948 ||| INVOKING Trog's Hand.
 42110 | Shoals:4 | 42110 ||| INVOKING Trog's Hand.
 42140 | Shoals:4 | 42140 ||| Stepping ~*~*~tactically~*~*~ (water).
 42176 | Shoals:4 | 42176 ||| Stepping ~*~*~tactically~*~*~ (water).
 42200 | Shoals:4 | 42200 ||| Stepping ~*~*~tactically~*~*~ (water).
 42201 | Shoals:4 | 42201 ||| INVOKING Berserk.
 42218 | Shoals:4 | HP: 54/300 [water nymph/the raging water (34)]
 42220 | Shoals:4 | Reached ****** piety under Trog
 42220 | Shoals:4 | Received a gift from Trog
 42223 | Shoals:4 | HP: 20/200 [poisoned by a sea snake]
 42224 | Shoals:4 | 42224 ||| READING scroll of teleportation.
 42228 | Shoals:4 | 42228 ||| INVOKING Brothers in Arms.
 42230 | Shoals:4 | 42230 ||| INVOKING Trog's Hand.
 42236 | Shoals:4 | 42236 ||| Stepping ~*~*~tactically~*~*~ (water).
 42245 | Shoals:4 | HP: 49/200 [merfolk/war axe of chopping (2)]
 42270 | Shoals:4 | 42270 ||| Stepping ~*~*~tactically~*~*~ (water).
 42271 | Shoals:4 | 42271 ||| INVOKING Berserk.
 42341 | Shoals:4 | 42341 ||| Stepping ~*~*~tactically~*~*~ (water).
 42343 | Shoals:4 | 42343 ||| INVOKING Berserk.
 42358 | Shoals:4 | 42358 ||| INVOKING Brothers in Arms.
 42364 | Shoals:4 | 42364 ||| Stepping ~*~*~tactically~*~*~ (water).
 42559 | Shoals:4 | 42559 ||| INVOKING Berserk.
 42565 | Shoals:4 | 42565 ||| EATING 2 fruits.
 42795 | Shoals:4 | Got a barnacled rune of Zot
 42858 | Shoals:4 | 42858 ||| Stepping ~*~*~tactically~*~*~ (water).
 43028 | Shoals:4 | 43028 ||| Stepping ~*~*~tactically~*~*~ (water).
 43152 | Shoals:4 | 43152 ||| UPGRADING to runed plate armour.
 43162 | Shoals:4 | 43162 ||| UPGRADING to +4 plate armour of fire resistance.
 43172 | Shoals:4 | 43172 ||| DROPPING +3 plate armour of fire resistance.
 43571 | Depths:1 | Entered Level 1 of the Depths
 43572 | Depths:1 | 43572 ||| Entered U.
 43625 | Depths:1 | 43625 ||| INVOKING Trog's Hand.
 43640 | Depths:1 | 43640 ||| EATING fruit.
 43682 | Depths:1 | 43682 ||| INVOKING Brothers in Arms.
 43697 | Depths:1 | Received a gift from Trog
 43698 | Depths:1 | 43698 ||| EATING royal jelly.
 43734 | Depths:1 | Noticed Nikola
 43759 | Depths:1 | Killed Nikola
 43759 | Depths:1 | Reached skill level 21 in Armour
 43765 | Depths:1 | 43765 ||| INVOKING Brothers in Arms.
 43795 | Depths:1 | Noticed Aizul
 43795 | Depths:1 | 43795 ||| INVOKING Trog's Hand.
 43810 | Depths:1 | Killed Aizul
 43888 | Depths:1 | Found a one-way gate leading to the halls of Pandemonium.
 43896 | Depths:1 | Found a gateway to Hell.
 43943 | Depths:1 | Found a one-way gate to the infinite horrors of the Abyss.
 44017 | Depths:1 | 44017 ||| INVOKING Burn Spellbooks.
 44026 | Depths:1 | Noticed DEFE's ghost (veteran DEAK)
 44027 | Depths:1 | 44027 ||| INVOKING Brothers in Arms.
 44030 | Depths:1 | 44030 ||| INVOKING Berserk.
 44048 | Depths:1 | Killed DEFE's ghost
 44195 | Depths:1 | 44195 ||| READING scroll of enchant armour.
 44195 | Depths:1 | 44195 ||| ENCHANTING +4 plate armour of fire resistance.
 44278 | Depths:1 | 44278 ||| INVOKING Trog's Hand.
 44572 | Depths:1 | 44572 ||| INVOKING Trog's Hand.
 44601 | Depths:1 | 44601 ||| INVOKING Brothers in Arms.
 44614 | Depths:1 | 44614 ||| INVOKING Berserk.
 44655 | Depths:1 | 44655 ||| INVOKING Burn Spellbooks.
 44659 | Depths:1 | 44659 ||| INVOKING Brothers in Arms.
 44660 | Depths:1 | 44660 ||| INVOKING Burn Spellbooks.
 44661 | Depths:1 | 44661 ||| DRINKING 5 potions of curing.
 44661 | Depths:1 | 44661 ||| (to cure confusion)
 44668 | Depths:1 | 44668 ||| INVOKING Brothers in Arms.
 44678 | Depths:1 | 44678 ||| INVOKING Berserk.
 44689 | Depths:1 | 44689 ||| EATING fruit.
 44724 | Depths:1 | 44724 ||| UPGRADING to glowing cloak.
 44784 | Depths:2 | 44784 ||| INVOKING Trog's Hand.
 44793 | Depths:2 | 44793 ||| INVOKING Brothers in Arms.
 44806 | Depths:2 | 44806 ||| INVOKING Brothers in Arms.
 44807 | Depths:2 | 44807 ||| EATING 14 meat rations.
 44811 | Depths:2 | 44811 ||| DRINKING 4 potions of curing.
 44811 | Depths:2 | 44811 ||| (to cure confusion)
 44812 | Depths:2 | 44812 ||| INVOKING Trog's Hand.
 44814 | Depths:2 | Reached XP level 21. HP: 120/209 MP: 20/20
 44815 | Depths:2 | 44815 ||| INVOKING Berserk.
 44835 | Depths:2 | Reached skill level 12 in Dodging
 45058 | Depths:2 | 45058 ||| INVOKING Trog's Hand.
 45059 | Depths:2 | 45059 ||| INVOKING Brothers in Arms.
 45060 | Depths:2 | 45060 ||| INVOKING Berserk.
 45098 | Depths:2 | 45098 ||| READING scroll of teleportation.
 45125 | Depths:2 | 45125 ||| EATING 13 meat rations.
 45235 | Depths:2 | Received a gift from Trog
 45270 | Depths:2 | 45270 ||| INVOKING Brothers in Arms.
 45783 | Depths:2 | 45783 ||| INVOKING Trog's Hand.
 45964 | Depths:2 | 45964 ||| INVOKING Trog's Hand.
 45965 | Depths:2 | 45965 ||| INVOKING Brothers in Arms.
 45968 | Depths:2 | 45968 ||| INVOKING Berserk.
 45972 | Depths:2 | 45972 ||| EATING 12 meat rations.
 46277 | Depths:2 | 46277 ||| DROPPING 12 silver javelins.
 46278 | Depths:2 | 46278 ||| DROPPING 14 poisoned javelins.
 46279 | Depths:2 | 46279 ||| DROPPING 66 javelins of penetration.
 46280 | Depths:2 | 46280 ||| DROPPING 20 javelins.
 46281 | Depths:2 | 46281 ||| DROPPING 15 javelins of returning.
 46378 | Depths:3 | 46378 ||| INVOKING Berserk.
 46407 | Depths:3 | 46407 ||| INVOKING Brothers in Arms.
 46619 | Depths:3 | 46619 ||| INVOKING Berserk.
 46641 | Depths:3 | 46641 ||| READING 3 scrolls of teleportation.
 46698 | Depths:3 | 46698 ||| INVOKING Berserk.
 46702 | Depths:3 | Received a gift from Trog
 46703 | Depths:3 | 46703 ||| EATING 12 meat rations.
 46795 | Depths:3 | 46795 ||| INVOKING Berserk.
 46864 | Depths:3 | 46864 ||| INVOKING Brothers in Arms.
 47081 | Depths:3 | Noticed a golden dragon
 47089 | Depths:3 | Killed a golden dragon
 47209 | Depths:3 | 47209 ||| INVOKING Trog's Hand.
 47212 | Depths:3 | Reached skill level 22 in Armour
 47283 | Depths:3 | 47283 ||| INVOKING Berserk.
 47298 | Depths:3 | 47298 ||| READING 2 scrolls of teleportation.
 47414 | Depths:3 | 47414 ||| INVOKING Berserk.
 47564 | Depths:3 | 47564 ||| READING scroll of enchant armour.
 47564 | Depths:3 | 47564 ||| ENCHANTING +5 plate armour of fire resistance.
 47612 | Depths:3 | 47612 ||| INVOKING Brothers in Arms.
 47613 | Depths:3 | 47613 ||| INVOKING Brothers in Arms.
 47806 | Depths:3 | Noticed a caustic shrike
 47806 | Depths:3 | a shadow dragon changed into a caustic shrike
 47814 | Depths:3 | Noticed a golden dragon
 47814 | Depths:3 | a caustic shrike changed into a golden dragon
 47817 | Depths:3 | Noticed a juggernaut
 47817 | Depths:3 | a golden dragon changed into a juggernaut
 47830 | Depths:3 | Killed a juggernaut
 47830 | Depths:3 | Reached XP level 22. HP: 163/220 MP: 21/21
 47831 | Depths:3 | Noticed a golden dragon
 47841 | Depths:3 | Killed a golden dragon
 48088 | Depths:3 | 48088 ||| EATING royal jelly.
 48128 | Depths:3 | 48128 ||| INVOKING Berserk.
 48382 | Depths:3 | 48382 ||| READING scroll of enchant weapon.
 48382 | Depths:3 | 48382 ||| ENCHANTING +4 broad axe of electrocution.
 48554 | Depths:4 | 48554 ||| INVOKING Trog's Hand.
 48565 | Depths:4 | 48565 ||| INVOKING Brothers in Arms.
 48566 | Depths:4 | 48566 ||| INVOKING Brothers in Arms.
 48567 | Depths:4 | 48567 ||| INVOKING Brothers in Arms.
 48583 | Depths:4 | 48583 ||| READING 2 scrolls of teleportation.
 48592 | Depths:4 | 48592 ||| READING scroll of teleportation.
 48599 | Depths:4 | 48599 ||| INVOKING Brothers in Arms.
 48618 | Depths:4 | 48618 ||| INVOKING Berserk.
 48623 | Depths:4 | 48623 ||| EATING royal jelly.
 48650 | Depths:4 | 48650 ||| INVOKING Brothers in Arms.
 48656 | Depths:4 | 48656 ||| INVOKING Berserk.
 48659 | Depths:4 | 48659 ||| EATING 14 meat rations.
 48926 | Depths:4 | 48926 ||| INVOKING Trog's Hand.
 48927 | Depths:4 | 48927 ||| INVOKING Berserk.
 48973 | Depths:4 | 48973 ||| INVOKING Trog's Hand.
 48992 | Depths:4 | 48992 ||| READING scroll of enchant weapon.
 48992 | Depths:4 | 48992 ||| ENCHANTING +5 broad axe of electrocution.
 49036 | Depths:4 | 49036 ||| INVOKING Trog's Hand.
 49103 | Depths:4 | Noticed a juggernaut
 49109 | Depths:4 | 49109 ||| INVOKING Berserk.
 49117 | Depths:4 | Killed a juggernaut
 49117 | Depths:4 | Reached skill level 24 in Fighting
 49153 | Depths:4 | 49153 ||| EATING 2 fruits.
 49421 | Depths:4 | 49421 ||| EATING fruit.
 49508 | Depths:4 | 49508 ||| INVOKING Berserk.
 49514 | Depths:4 | 49514 ||| EATING 13 meat rations.
 49532 | Depths:4 | 49532 ||| INVOKING Brothers in Arms.
 49881 | Depths:4 | 49881 ||| INVOKING Berserk.
 50204 | Depths:4 | 50204 ||| UPGRADING to shiny plate armour.
 50214 | Depths:4 | 50214 ||| UPGRADING to +0 gold dragon scales.
 50224 | Depths:4 | 50224 ||| DROPPING +4 plate armour of positive energy.
 50251 | Depths:5 | Entered Level 5 of the Depths
 50271 | Depths:5 | 50271 ||| INVOKING Berserk.
 50278 | Depths:5 | 50278 ||| EATING royal jelly.
 50392 | Depths:5 | 50392 ||| INVOKING Berserk.
 50479 | Depths:5 | Found a corrupted altar of Lugonu.
 50547 | Depths:5 | 50547 ||| INVOKING Brothers in Arms.
 50635 | Depths:5 | 50635 ||| INVOKING Brothers in Arms.
 50720 | Depths:5 | 50720 ||| INVOKING Berserk.
 50723 | Depths:5 | Reached skill level 23 in Armour
 50736 | Depths:5 | Found a gate to the Realm of Zot.
 50737 | Depths:5 | 50737 ||| INVOKING Brothers in Arms.
 51219 | Depths:5 | 51219 ||| INVOKING Brothers in Arms.
 51228 | Depths:5 | 51228 ||| INVOKING Brothers in Arms.
 51250 | Depths:5 | Reached XP level 23. HP: 213/229 MP: 22/22
 51456 | Depths:5 | Found a gateway to a ziggurat.
 51460 | Depths:5 | 51460 ||| INVOKING Brothers in Arms.
 51466 | Depths:5 | Received a gift from Trog
 51601 | Depths:5 | 51601 ||| UPGRADING to embroidered cloak.
 51611 | Depths:5 | 51611 ||| UPGRADING to +2 cloak.
 51621 | Depths:5 | 51621 ||| DROPPING +1 cloak.
 51622 | Depths:5 | 51622 ||| UPGRADING to shiny plate armour.
 51632 | Depths:5 | 51632 ||| UPGRADING to +0 gold dragon scales.
 51642 | Depths:5 | 51642 ||| DROPPING +0 plate armour of magic resistance.
 51643 | Depths:5 | 51643 ||| UPGRADING to +1 cloak of magic resistance.
 51948 | Vaults:5 | Entered Level 5 of the Vaults
 51949 | Vaults:5 | 51949 ||| STAIRDANCE
 51957 | Vaults:5 | 51957 ||| STAIRDANCE
 51968 | Vaults:4 | Reached skill level 24 in Armour
 51976 | Vaults:4 | 51976 ||| EATING 15 meat rations.
 51990 | Vaults:4 | 51990 ||| UPGRADING to glowing plate armour.
 52000 | Vaults:4 | 52000 ||| UPGRADING to +0 gold dragon scales.
 52010 | Vaults:4 | 52010 ||| DROPPING +3 plate armour.
 52014 | Vaults:5 | 52014 ||| STAIRDANCE
 52045 | Vaults:5 | 52045 ||| STAIRDANCE
 52088 | Vaults:4 | 52088 ||| UPGRADING to runed plate armour.
 52098 | Vaults:4 | 52098 ||| UPGRADING to +0 gold dragon scales.
 52108 | Vaults:4 | 52108 ||| DROPPING +0 plate armour of poison resistance.
 52112 | Vaults:5 | 52112 ||| STAIRDANCE
 52127 | Vaults:5 | 52127 ||| STAIRDANCE
 52136 | Vaults:5 | 52136 ||| STAIRDANCE
 52140 | Vaults:5 | 52140 ||| STAIRDANCE
 52142 | Vaults:4 | 52142 ||| INVOKING Berserk.
 52242 | Vaults:5 | 52242 ||| STAIRDANCE
 52249 | Vaults:5 | 52249 ||| STAIRDANCE
 52271 | Vaults:5 | 52271 ||| STAIRDANCE
 52317 | Vaults:5 | 52317 ||| INVOKING Trog's Hand.
 52329 | Vaults:5 | 52329 ||| INVOKING Berserk.
 52371 | Vaults:5 | 52371 ||| INVOKING Trog's Hand.
 52372 | Vaults:5 | Received a gift from Trog
 52392 | Vaults:5 | 52392 ||| INVOKING Brothers in Arms.
 52643 | Vaults:5 | 52643 ||| SWAPPING to glowing broad axe {god gift}.
 52644 | Vaults:5 | 52644 ||| INVOKING Trog's Hand.
 52645 | Vaults:5 | 52645 ||| SWAPPING to +6 broad axe of electrocution.
 52651 | Vaults:5 | Reached skill level 25 in Armour
 52653 | Vaults:5 | 52653 ||| DROPPING +2 broad axe of electrocution.
 52704 | Vaults:5 | Reached skill level 24 in Shields
 52840 | Vaults:5 | 52840 ||| INVOKING Berserk.
 52887 | Vaults:5 | 52887 ||| INVOKING Trog's Hand.
 52909 | Vaults:5 | 52909 ||| INVOKING Berserk.
 52931 | Vaults:5 | 52931 ||| INVOKING Brothers in Arms.
 52934 | Vaults:5 | HP: 58/232 [golden dragon/bolt of fire (18)]
 52960 | Vaults:5 | 52960 ||| INVOKING Brothers in Arms.
 52964 | Vaults:5 | Received a gift from Trog
 52998 | Vaults:5 | 52998 ||| INVOKING Berserk.
 53004 | Vaults:5 | 53004 ||| INVOKING Trog's Hand.
 53006 | Vaults:5 | 53006 ||| INVOKING Brothers in Arms.
 53008 | Vaults:5 | HP: 54/232 [storm dragon/bolt of lightning (25)]
 53012 | Vaults:5 | 53012 ||| INVOKING Brothers in Arms.
 53016 | Vaults:5 | 53016 ||| EATING 14 meat rations.
 53039 | Vaults:5 | 53039 ||| INVOKING Berserk.
 53054 | Vaults:5 | 53054 ||| INVOKING Brothers in Arms.
 53055 | Vaults:5 | 53055 ||| INVOKING Brothers in Arms.
 53059 | Vaults:5 | 53059 ||| INVOKING Brothers in Arms.
 53060 | Vaults:5 | 53060 ||| INVOKING Brothers in Arms.
 53061 | Vaults:5 | 53061 ||| INVOKING Brothers in Arms.
 53069 | Vaults:5 | HP: 41/232 [fire giant/bolt of fire (18)]
 53076 | Vaults:5 | HP: 43/232 [poisoned by a vault warden]
 53081 | Vaults:5 | HP: 44/232 [poisoned by a vault warden]
 53132 | Vaults:5 | 53132 ||| INVOKING Berserk.
 53241 | Vaults:5 | 53241 ||| INVOKING Berserk.
 53247 | Vaults:5 | 53247 ||| EATING 13 meat rations.
 53267 | Vaults:5 | Noticed an ancient lich
 53267 | Vaults:5 | Paralysed by an ancient lich for 2 turns
 53269 | Vaults:5 | 53269 ||| INVOKING Trog's Hand.
 53278 | Vaults:5 | Killed an ancient lich
 53278 | Vaults:5 | Reached XP level 24. HP: 92/240 MP: 22/22
 53283 | Vaults:5 | Reached skill level 26 in Armour
 53313 | Vaults:5 | 53313 ||| INVOKING Trog's Hand.
 53314 | Vaults:5 | 53314 ||| INVOKING Berserk.
 53379 | Vaults:5 | 53379 ||| INVOKING Trog's Hand.
 53406 | Vaults:5 | 53406 ||| READING scroll of enchant armour.
 53406 | Vaults:5 | 53406 ||| ENCHANTING +0 gold dragon scales.
 53486 | Vaults:5 | Got a fine platinum ring
 53634 | Vaults:5 | 53634 ||| INVOKING Burn Spellbooks.
 53783 | Vaults:5 | Found Fewk's Antique Armour Shoppe.
 53790 | Vaults:5 | Bought a shiny plate armour for 858 gold pieces
 53863 | Vaults:5 | 53863 ||| INVOKING Berserk.
 53866 | Vaults:5 | 53866 ||| EATING 4 fruits.
 54133 | Vaults:5 | 54133 ||| INVOKING Trog's Hand.
 54201 | Vaults:5 | 54201 ||| INVOKING Burn Spellbooks.
 54251 | Vaults:5 | Got a silver rune of Zot
 54252 | Vaults:5 | 54252 ||| UPGRADING to embroidered scarf.
 54262 | Vaults:5 | 54262 ||| UPGRADING to +2 cloak.
 54272 | Vaults:5 | 54272 ||| UPGRADING to +1 cloak of magic resistance.
 54282 | Vaults:5 | 54282 ||| DROPPING scarf of cold resistance.
 54283 | Vaults:5 | 54283 ||| UPGRADING to shiny plate armour.
 54293 | Vaults:5 | 54293 ||| UPGRADING to +1 gold dragon scales.
 54303 | Vaults:5 | 54303 ||| DROPPING +0 plate armour of magic resistance.
 54304 | Vaults:5 | 54304 ||| UPGRADING to twisted sapphire ring.
 54306 | Vaults:5 | 54306 ||| UPGRADING to large pearl ring.
 54308 | Vaults:5 | 54308 ||| UPGRADING to agate ring.
 54310 | Vaults:5 | 54310 ||| UPGRADING to +2 ring of protection.
 54312 | Vaults:5 | 54312 ||| UPGRADING to +5 ring of evasion.
 54314 | Vaults:5 | 54314 ||| DROPPING ring of positive energy.
 54315 | Vaults:5 | 54315 ||| DROPPING +3 ring of strength.
 54316 | Vaults:5 | 54316 ||| UPGRADING to fine platinum ring.
 54317 | Vaults:5 | Lost intelligence.
 54317 | Vaults:5 | Identified the ring "Egyesoh" {rC++ MR+ Int-4 Dex+4 Stlth+} (You took it off a vault warden on level 5 of the Vaults)
 54321 | Vaults:5 | 54321 ||| REMOVING ring "Egyesoh" {rC++ MR+ Int-4 Dex+4 Stlth+}.
 54322 | Vaults:5 | 54322 ||| UPGRADING to ring of protection from cold.
 54323 | Vaults:5 | 54323 ||| UPGRADING to +2 ring of protection.
 54325 | Vaults:5 | 54325 ||| UPGRADING to +5 ring of evasion.
 54327 | Vaults:5 | 54327 ||| DROPPING ring of protection from cold.
 54328 | Vaults:5 | 54328 ||| READING scroll labeled REOMME XASS.
 54329 | Vaults:5 | 54329 ||| READING scroll labeled REOMME XASS.
 54330 | Vaults:5 | 54330 ||| READING scroll labeled REOMME XASS.
 54331 | Vaults:5 | 54331 ||| READING scroll labeled REOMME XASS.
 54332 | Vaults:5 | 54332 ||| READING scroll labeled REOMME XASS.
 54333 | Vaults:5 | 54333 ||| READING scroll labeled REOMME XASS.
 54334 | Vaults:5 | 54334 ||| READING scroll labeled REOMME XASS.
 54335 | Vaults:5 | 54335 ||| READING scroll labeled REOMME XASS.
 54336 | Vaults:5 | 54336 ||| READING scroll labeled REOMME XASS.
 54337 | Vaults:5 | 54337 ||| READING scroll labeled REOMME XASS.
 54338 | Vaults:5 | 54338 ||| READING scroll labeled REOMME XASS.
 54339 | Vaults:5 | 54339 ||| READING scroll labeled REOMME XASS.
 54340 | Vaults:5 | 54340 ||| READING scroll labeled REOMME XASS.
 54341 | Vaults:5 | 54341 ||| READING scroll labeled REOMME XASS.
 54342 | Vaults:5 | 54342 ||| READING scroll labeled REOMME XASS.
 54343 | Vaults:5 | 54343 ||| READING scroll labeled REOMME XASS.
 54344 | Vaults:5 | 54344 ||| READING scroll labeled REOMME XASS.
 54345 | Vaults:5 | 54345 ||| READING scroll labeled REOMME XASS.
 54346 | Vaults:5 | 54346 ||| READING scroll labeled REOMME XASS.
 54347 | Vaults:5 | 54347 ||| READING scroll labeled REOMME XASS.
 54667 | Depths:5 | 54667 ||| STAIRDANCE
 54669 | Depths:4 | 54669 ||| DRINKING potion of resistance.
 54715 | Zot:1    | Entered Level 1 of the Realm of Zot
 54716 | Zot:1    | 54716 ||| Entered Z.
 54767 | Zot:1    | 54767 ||| Stepping ~*~*~tactically~*~*~ (cloud).
 54768 | Zot:1    | 54768 ||| EATING 6 fruits.
 54769 | Zot:1    | 54769 ||| EATING 5 fruits.
 54770 | Zot:1    | 54770 ||| EATING 4 fruits.
 54771 | Zot:1    | 54771 ||| EATING 3 fruits.
 54772 | Zot:1    | 54772 ||| EATING 2 fruits.
 54773 | Zot:1    | 54773 ||| EATING fruit.
 54774 | Zot:1    | 54774 ||| EATING 3 royal jellies.
 54935 | Zot:1    | 54935 ||| INVOKING Berserk.
 54974 | Zot:1    | 54974 ||| EATING 3 royal jellies.
 55222 | Zot:1    | 55222 ||| INVOKING Berserk.
 55245 | Zot:1    | 55245 ||| EATING 2 royal jellies.
 55491 | Zot:1    | Received a gift from Trog
 55674 | Zot:1    | 55674 ||| INVOKING Burn Spellbooks.
 55867 | Zot:1    | 55867 ||| EATING 3 royal jellies.
 56132 | Zot:1    | 56132 ||| UPGRADING to embroidered cloak.
 56142 | Zot:1    | 56142 ||| UPGRADING to +2 cloak.
 56152 | Zot:1    | 56152 ||| UPGRADING to +1 cloak of magic resistance.
 56162 | Zot:1    | 56162 ||| DROPPING +0 cloak of poison resistance.
 56163 | Zot:1    | 56163 ||| UPGRADING to embroidered cloak.
 56173 | Zot:1    | 56173 ||| UPGRADING to +2 cloak.
 56183 | Zot:1    | 56183 ||| UPGRADING to +1 cloak of magic resistance.
 56193 | Zot:1    | 56193 ||| DROPPING +1 cloak.
 56194 | Zot:1    | 56194 ||| UPGRADING to encrusted silver ring.
 56196 | Zot:1    | 56196 ||| REMOVING ring of wizardry.
 56197 | Zot:1    | 56197 ||| UPGRADING to +2 ring of protection.
 56198 | Zot:1    | 56198 ||| DROPPING ring of wizardry.
 56199 | Zot:1    | 56199 ||| UPGRADING to +5 ring of evasion.
 56203 | Zot:2    | 56203 ||| STAIRDANCE
 56220 | Zot:2    | 56220 ||| STAIRDANCE
 56242 | Zot:2    | 56242 ||| STAIRDANCE
 56252 | Zot:2    | 56252 ||| STAIRDANCE
 56262 | Zot:2    | 56262 ||| STAIRDANCE
 56268 | Zot:2    | 56268 ||| STAIRDANCE
 56343 | Zot:2    | 56343 ||| STAIRDANCE
 56366 | Zot:2    | 56366 ||| STAIRDANCE
 56446 | Zot:1    | 56446 ||| UPGRADING to glowing cloak.
 56456 | Zot:1    | 56456 ||| EATING 2 royal jellies.
 56457 | Zot:1    | 56457 ||| UPGRADING to +2 cloak.
 56467 | Zot:1    | 56467 ||| DROPPING +1 cloak.
 56468 | Zot:1    | 56468 ||| UPGRADING to +1 cloak of magic resistance.
 56496 | Zot:2    | Received a gift from Trog
 56496 | Zot:2    | Reached XP level 25. HP: 253/253 MP: 22/22
 57040 | Zot:2    | 57040 ||| EATING 2 royal jellies.
 57188 | Zot:2    | 57188 ||| UPGRADING to runed cloak.
 57198 | Zot:2    | 57198 ||| UPGRADING to +2 cloak.
 57208 | Zot:2    | 57208 ||| DROPPING +1 cloak.
 57209 | Zot:2    | 57209 ||| UPGRADING to +1 cloak of magic resistance.
 57219 | Zot:2    | 57219 ||| UPGRADING to runed cloak.
 57229 | Zot:2    | 57229 ||| DROPPING +2 cloak.
 57230 | Zot:2    | 57230 ||| UPGRADING to +1 cloak of magic resistance.
 57240 | Zot:2    | 57240 ||| UPGRADING to glowing cloak.
 57250 | Zot:2    | 57250 ||| UPGRADING to +1 cloak of magic resistance.
 57260 | Zot:2    | 57260 ||| DROPPING +2 cloak.
 57689 | Zot:3    | 57689 ||| EATING royal jelly.
 57922 | Zot:3    | Noticed an orb of fire
 57927 | Zot:3    | 57927 ||| INVOKING Brothers in Arms.
 57928 | Zot:3    | 57928 ||| INVOKING Berserk.
 57939 | Zot:3    | Killed an orb of fire
 57939 | Zot:3    | Reached skill level 27 in Armour
 57940 | Zot:3    | 57940 ||| EATING fruit.
 58054 | Zot:3    | 58054 ||| INVOKING Burn Spellbooks.
 58122 | Zot:3    | 58122 ||| EATING 13 bread rations.
 58609 | Zot:3    | 58609 ||| INVOKING Berserk.
 58732 | Zot:3    | 58732 ||| EATING 12 bread rations.
 58954 | Zot:3    | 58954 ||| READING scroll labeled TETYUS ZOVUAPT.
 59345 | Zot:4    | 59345 ||| INVOKING Berserk.
 59367 | Zot:4    | Received a gift from Trog
 59371 | Zot:4    | 59371 ||| READING 3 scrolls of teleportation.
 59373 | Zot:4    | 59373 ||| Stepping ~*~*~tactically~*~*~ (cloud).
 59381 | Zot:4    | 59381 ||| EATING 11 bread rations.
 59743 | Zot:4    | Reached skill level 21 in Axes
 59763 | Zot:4    | 59763 ||| INVOKING Berserk.
 59795 | Zot:4    | 59795 ||| Stepping ~*~*~tactically~*~*~ (cloud).
 59796 | Zot:4    | 59796 ||| Stepping ~*~*~tactically~*~*~ (cloud).
 59801 | Zot:4    | 59801 ||| READING 2 scrolls of teleportation.
 59802 | Zot:4    | 59802 ||| Stepping ~*~*~tactically~*~*~ (cloud).
 59803 | Zot:4    | 59803 ||| Stepping ~*~*~tactically~*~*~ (cloud).
 60048 | Zot:4    | 60048 ||| EATING 10 bread rations.
 60185 | Zot:4    | 60185 ||| INVOKING Berserk.
 60192 | Zot:4    | HP: 86/375 [green draconian stormcaller/divine providence (13)]
 60196 | Zot:4    | HP: 36/250 [green draconian stormcaller/divine providence (16)]
 60197 | Zot:4    | 60197 ||| READING scroll of teleportation.
 60197 | Zot:4    | HP: 8/249 [green draconian stormcaller/divine providence (14)]
 60198 | Zot:4    | Engulfed by a death drake's foul pestilence

Vault maps used:
D:1:      grunt_arrival_lava_bath
D:2:      marbit_many_paths, cheibriados_altar_1, lightli_corner_chamber,
          uniq_crazy_yiuf_cottage
D:3:      lemuel_round_altar, first_bread
D:4:      xom_redecorated, uniq_natasha
D:5:      kennysheep_kobold_camp, grunt_temple_overflow_open
D:6:      kennysheep_little_box, minmay_temple_entry_poolview
D:7:      grunt_ogre_cave
D:9:      grunt_lair_entry_orc_guard_hut, david_orc_2, serial_shops,
          shop_fountains, uniq_gastronok
D:12:     serial_shops, shop_statue, uniq_nergalle, uniq_sonja
D:13:     minmay_smoke_and_mirrors, erik_vaults_1, serial_shops, shop,
          enter_trove_5, fedhas_altar_3
D:14:     minmay_stone_box, nicolae_ashenzari_panopticon, uniq_snorg
D:15:     gammafunk_enter_depths_forms, uniq_azrael
Lair:1:   grunt_megastairs_2, infiniplex_staircase_pool_2,
          minmay_lair_oklob_chamber, serial_bayou_shore_b
Lair:2:   statuecave_lemuel, grunt_megastairs_5
Lair:3:   nicolae_spider_entry_orb_guardian, grunt_megastairs_3,
          lemuel_fruit_fields
Lair:4:   shoals_dummy_entry, uniq_nessos, uniq_josephine, uniq_rupert
Lair:5:   minmay_slime_entry_oklob_enclosed, uniq_kirke
Lair:6:   due_jungle_book, portal_ice_cave_entry_imps, minmay_lair_oklob_bushes
Shoals:1: serial_shops, shop, nicolae_shoals_flooded_hall
Shoals:4: shoals_end_simple, shoals_ilsuiw_ice, nicolae_alphabet_shops
Spider:1: spider_trap, nicolae_spider_webbed_stairs
Spider:4: grunt_spider_rune_island, uniq_arachne
Orc:1:    nicolae_for_you_no_charge
Orc:2:    st_orc_ogre_mass
Vaults:1: v_alt_pattern_3, v_rooms_3, nicolae_vaults_theta,
          ontoclasm_vaults_ring_small, nicolae_vaults_mini_display_case,
          grunt_vaults_swirl, v_rooms_1, vaults_room_stairs_pillars,
          vaults_dpeg_ring, uniq_asterion
Vaults:2: v_pattern_1, vaults_dpeg_doors, hangedman_vaults_nodes,
          vaults_mumra_minichess, nicolae_vaults_arrows, hangedman_vaults_trim,
          hangedman_vaults_restitches, serial_shops, nicolae_shop_crystal,
          uniq_frederick, uniq_sojobo
Vaults:3: nicolae_vaults_triangles, v_misc_16, hangedman_vaults_hat,
          nicolae_vaults_big_ls, v_alt_pattern_3, minmay_crypt_entry_necro_gods,
          v_misc_14, nicolae_vaults_know_your_exits, v_misc_10, v_misc_17,
          nicolae_vaults_yaktaur_gun_rack, ontoclasm_vaults_chip,
          vaults_dpeg_hooks, nicolae_vaults_rhombus_7,
          nicolae_vaults_specimen_jars
Vaults:4: v_misc_14, nicolae_vaults_hallways_thing, ontoclasm_vaults_hangar,
          vaults_room_boxed, vaults_room_grid, v_misc_29,
          vaults_room_ringed_pool, v_alt_pattern_1, serial_shops, shop
Vaults:5: serial_shops
Depths:1: abyss_entry_crystal, hangedman_geh_valley,
          serial_sigils_hangedman_clutch, pan_entry, minivault_16,
          horrible_house_mu, uniq_aizul, uniq_nikola
Depths:2: cheibrodos_quadrivalence, lightli_too_deep, minmay_misc_feat_ornament,
          mu_enter_wizlab_2, st_stairs_10
Depths:3: hangedman_crystal_crosses_colossus, abyss_entry, pan_entry, hell_entry
Depths:4: minmay_blocking_statues, minmay_room_of_horrors, bh_walls_and_bars,
          grunt_hell_entry_dis_mu
Depths:5: evilmike_zot_entry_basic, enter_ziggurat_f, minmay_misc_feat_iff,
          hell_entry, tgw_lugonu_bribe
Zot:1:    st_large_dragon_hoard_2
Zot:4:    lemuel_draconian_sentries

Skill      XL: |  1  2  3  4  5  6  7  8  9 10 11 12 13 14 15 16 17 18 19 20 21 22 23 24 25 |
---------------+----------------------------------------------------------------------------+-----
Axes           | 4 5 6 7 9 11 12 14 16 18 19 20 21 | 21.0
Fighting       | 4 5 6 8 9 10 12 14 15 17 18 19 20 21 22 23 24 25 26 | 26.5
Shields        | 5 6 10 12 14 15 16 18 19 20 21 22 23 24 25 | 25.0
Armour         | 3 5 6 8 10 11 12 14 15 17 18 19 21 22 23 25 26 27 | 27.0
Dodging        | 3 6 7 8 9 10 11 12 13 | 13.4

Action                   |  1- 3 |  4- 6 |  7- 9 | 10-12 | 13-15 | 16-18 | 19-21 | 22-24 | 25-27 || total
-------------------------+-------+-------+-------+-------+-------+-------+-------+-------+-------++-------
Melee: Hand axe          |    95 |    28 |       |       |       |       |       |       |       ||   123
       Headbutt          |    16 |    19 |    42 |    90 |   277 |   330 |   411 |   394 |   113 ||  1692
       War axe           |       |    69 |   227 |   403 |   273 |       |       |       |       ||   972
       Morningstar       |       |       |       |     8 |    25 |       |       |       |       ||    33
       Broad axe         |       |       |       |       |   782 |  1092 |  1455 |  1255 |   395 ||  4979
Throw: Javelin           |       |    20 |    62 |    43 |   118 |    47 |    65 |       |       ||   355
       Tomahawk          |       |       |       |    31 |    14 |       |       |       |       ||    45
Invok: Berserk           |     2 |     3 |    10 |    23 |    22 |    21 |    20 |    22 |     5 ||   128
       Burn Spellbooks   |       |       |       |     1 |     2 |     3 |     5 |     3 |     1 ||    15
       Brothers in Arms  |       |       |       |     8 |    16 |    29 |    19 |    17 |     1 ||    90
       Trog's Hand       |       |       |       |     1 |    10 |    13 |    23 |    13 |       ||    60
  Use: Scroll            |     6 |     4 |     8 |     5 |    23 |     2 |    11 |     6 |     4 ||    69
       Potion            |     1 |     2 |     1 |     1 |     1 |    10 |     6 |     2 |       ||    24
 Stab: Distracted        |       |       |       |     1 |     2 |     3 |       |     3 |       ||     9
       Confused          |       |       |       |       |       |       |       |       |     2 ||     2
  Eat: Chunk             |     4 |     7 |    14 |    37 |    54 |    30 |    46 |    20 |       ||   212
       Royal jelly       |     1 |     1 |     3 |       |     1 |       |     1 |     8 |     2 ||    17
       Fruit             |       |       |       |     6 |    13 |     5 |     5 |     9 |     1 ||    39
       Bread ration      |       |       |       |       |     1 |     8 |       |       |     4 ||    13
       Meat ration       |       |       |       |       |       |       |     4 |     5 |       ||     9
Armor: Animal skin       |     2 |       |       |       |       |       |       |       |       ||     2
       Ring mail         |    12 |     9 |       |       |       |       |       |       |       ||    21
       Scale mail        |       |    25 |     4 |       |       |       |       |       |       ||    29
       Plate armour      |       |       |    77 |    57 |   142 |   229 |   356 |    72 |       ||   933
       Chain mail        |       |       |       |       |       |    11 |    24 |       |       ||    35
       Gold dragon scale |       |       |       |       |       |       |       |   332 |   103 ||   435
Dodge: Dodged            |    43 |    44 |    26 |    41 |   116 |   197 |   282 |   324 |   120 ||  1193
Block: Large shield      |       |       |   174 |   331 |   830 |   981 |  1451 |  1283 |   373 ||  5423
       Reflection        |       |       |       |     9 |     7 |       |       |       |       ||    16
